Workbook
Name CE: 'Act Att-H'!$G$57
Name DA: 1
Name GP: 'Act Att-H'!$G$50
Name NA: 0
Name NP: 'Act Att-H'!$G$66
Name TE: 'Act Att-H'!$I$184
Name TP: 'Act Att-H'!$I$175
Name WCLTD: 'Act Att-H'!$I$203
Name WS: 'Act Att-H'!$I$192

Sheet Table of Contents
A1: Black Hills Colorado Electric, LLC
A2: Transmission Formula Rate Template
A4: Table of Contents
E5: Page 1 of 1
A6: Overview
A7: The formula is calculated in two steps. The first step is to fill out the A tabs, and the Actual Attachment H tab with data from the previous year's Form No. 1 information or other data sources as noted. This information is used to update the formulas in the Actual Attachment H tab to calculate the Actual Revenue Requirement (Actual ATRR) for the previous year. The results of this calculation are presented to the customers for review in June of each year.
A9: The TU (True-up) tab uses the revenue requirement from the Actual Attachment H tab and compares it to the revenue requirement from the Projected Attachment H tab that customers were billed for the same period.
A11: The projected O&M and plant balances are calculated on the P Tabs. These sheets feed into the Projected Attachment H tab for determining the Projected Annual Transmission Revenue Requirement. The tariff rates are calculated based on the revenue requirements and the specific point-to-point charges are shown on the same tab. The projected rates are posted to the customers for review in September of each year.
B12: Cells highlighted in yellow are data input cells, however, some cells may reference the results from other worksheets in the formula. Such cell references may change from year to year requiring manual adjustment of the reference or the direct entry of the proper value.
B13: Cells highlighted in green signify that the data is sourced from other worksheets in the formula and that the reference is static.
A16: Tab | B16: Schedule/Worksheet Designation | C16: Description | D16: Date to be Posted
A20: Act Att-H | B20: Actual Attachment H | C20: Actual Annual Transmission Revenue Requirements for most recent calendar year | D20: June
A22: A1-RevCred | B22: Worksheet A1 | C22: Actual revenue credits | D22: June
A24: A2-A&G | B24: Worksheet A2 | C24: Actual A&G Expense supporting data | D24: June
A26: A3-ADIT | B26: Worksheet A3 | C26: Actual Accumulated Deferred Income Tax data | D26: June
A28: A-3.1 EDIT-DDIT | B28: Worksheet A3.1 | C28: Annual Excess and Deficient Accumulated Deferred Income Tax | D28: June
A30: A-3.2 EDIT-DDIT.dtl | B30: Worksheet A3.2 | C30: Excess and Deficient Accumulated Deferred Income Tax Remeasurement | D30: June, Sep
A32: A4-Rate Base | B32: Worksheet A4 | C32: Actual Rate Base data | D32: June
A34: A5-Depr | B34: Worksheet A5 | C34: Actual Depreciation Rates | D34: June
A36: A6-Divisor | B36: Worksheet A6 | C36: Actual Transmission Load Data for Calculating Rate Divisors | D36: June
A38: A7-IncentPlant | B38: Worksheet A7 | C38: Actual Incentive Plant | D38: June
A40: A8-Prepmts | B40: Worksheet A8 | C40: Prepayments | D40: June
... A56: Schedule 1 | B56: Schedule 1 | C56: Ancillary Services, Schedule No. 1 - Scheduling System Control and Dispatch Service | D56: June, Sep

Sheet Act Att-H
I1: Actual Attachment H
J2: Page 1
B4: Formula Rate - Non-Levelized | C4: Rate Formula Template | K4: Actuals - For the 12 months ended 12/31/2023
C5: Utilizing FERC Form 1 Data
C7: Black Hills Colorado Electric, LLC
A8: Line | I8: Allocated
A9: No. | I9: Amount
A10: 1 | B10: GROSS REVENUE REQUIREMENT (page 3, line 29) | I10: ='Act Att-H'!I156 -> 30980413
B12: REVENUE CREDITS | C12: (Note S) | D12: Total | F12: Allocator
A13: 2 | B13: Account No. 454 | C13: (Worksheet A1, line 6) | D13: ='A1-RevCred'!J14 -> 661.59457 | F13: DA | G13: 1 | I13: =+G13*D13 -> 661.59457
A14: 3 | B14: Account No. 456.1 | C14: (Worksheet A1, line 42, col (b) ) | D14: ='A1-RevCred'!F50 -> 908954 | F14: DA | G14: 1 | I14: =+G14*D14 -> 908954
A15: 4 | B15: Held for Future Use
A16: 5 | B16: Held for Future Use
A17: 6 | B17: TOTAL REVENUE CREDITS (sum lines 2-5) | I17: =SUM(I13:I16) -> 909615.59
A19: 7 | B19: NET REVENUE REQUIREMENT | C19: (line 1 minus line 6) | I19: =I10-I17 -> 30070798
B21: DIVISOR
A22: 8 | B22: Divisor (kW) | C22: (Worksheet A6, Line 14) | I22: ='A6-Divisor'!E21 -> 377500
A23: 9
A24: 10 | B24: RATES
A25: 11 | B25: Annual | D25: =ROUND(I19/I22,2) -> 79.66 | E25: /kW-year
A26: 12 | B26: Monthly | C26: 12 months/year | D26: =ROUND(D25/12,2) -> 6.64 | E26: /kW-month
A27: 13 | B27: Weekly | C27: 52 weeks/year | D27: =ROUND(D25/52,2) -> 1.53 | E27: /kW-week
A28: 14 | B28: Daily On-Peak | C28: 6 days/week | D28: =+D27/6 -> 0.255 | E28: /kW-day
A29: 15 | B29: Daily Off-Peak | C29: 7 days/week | D29: =+D27/7 -> 0.21857143 | E29: /kW-day
A30: 16 | B30: Hourly On-Peak | C30: 16 hours/day | D30: =+D28/16*1000 -> 15.9375 | E30: /MW-hour
A31: 17 | B31: Hourly Off-Peak | C31: 24 hours/day | D31: =+D29/24*1000 -> 9.1071429 | E31: /MW-hour
I32: =I1 -> Actual Attachment H
J33: Page 2
B35: Formula Rate - Non-Levelized | C35: Rate Formula Template | K35: =K4 -> Actuals - For the 12 months ended 12/31/2023
C36: Utilizing FERC Form 1 Data
C38: =C7 -> Black Hills Colorado Electric, LLC
B40: (1) | C40: (2) | D40: (3) | G40: (4) | I40: (5)
C41: Form No. 1 | I41: Transmission
A42: Line | C42: Page, Line, Col. | D42: Company Total | F42: Allocator | I42: (Col 3 times Col 4)
A43: No. | B43: RATE BASE: (Note A, V)
B44: GROSS PLANT IN SERVICE (Note A)
A45: 1 | B45: Production | C45: Worksheet A4, Page 1, Line 14, Col. (b) | D45: ='A4-Rate Base'!C23 -> 4.2587652e+08 | F45: NA | I45: 0
A46: 2 | B46: Transmission | C46: Worksheet A4, Page 1, Line 14, Col. (c) | D46: ='A4-Rate Base'!D23 -> 3.0665867e+08 | F46: TP | G46: =$I$175 -> 0.92887971 | I46: =+G46*D46 -> 2.8484902e+08
A47: 3 | B47: Distribution | C47: Worksheet A4, Page 1, Line 14, Col. (d) | D47: ='A4-Rate Base'!E23 -> 4.2687828e+08 | F47: NA | I47: 0
A48: 4 | B48: General & Intangible | C48: Worksheet A4, Page 1, Line 14, Col. (e ) | D48: ='A4-Rate Base'!F23 -> 45067031 | F48: W/S | G48: =$I$192 -> 0.13228055 | I48: =+G48*D48 -> 5961491.6
A49: 5 | B49: Other | C49: Worksheet A4, Page 1, Line 14, Col. (f) | D49: ='A4-Rate Base'!G23 -> 23578472 | F49: OE | G49: =$K$196 -> 0.12947946 | I49: =+G49*D49 -> 3052928
A50: 6 | B50: TOTAL GROSS PLANT | C50: (Sum of Lines 1 through 5) | D50: =SUM(D45:D49) -> 1.228059e+09 | F50: GP= | G50: =IF(I50>0,I50/D50,0) -> 0.23929098 | I50: =SUM(I45:I49) -> 2.9386344e+08
B52: ACCUMULATED DEPRECIATION (Note A)
A53: 7 | B53: =+B45 -> Production | C53: Worksheet A4, Page 1, Line 28, Col. (d) | D53: ='A4-Rate Base'!E46 -> 1.3494193e+08 | F53: =+F45 -> NA | I53: 0
A54: 8 | B54: =+B46 -> Transmission | C54: Worksheet A4, Page 1, Line 28, Col. (e) | D54: ='A4-Rate Base'!F46 -> 49945913 | F54: =+F46 -> TP | G54: =$I$175 -> 0.92887971 | I54: =+G54*D54 -> 46393745
A55: 9 | B55: =+B47 -> Distribution | C55: Worksheet A4, Page 1, Line 28, Col. (f) | D55: ='A4-Rate Base'!G46 -> 1.6062355e+08 | F55: =+F47 -> NA | I55: 0
A56: 10 | B56: =+B48 -> General & Intangible | C56: Worksheet A4, Page 1, Line 28, Col. (g) | D56: ='A4-Rate Base'!H46 -> 23506344 | F56: =+F48 -> W/S | G56: =$I$192 -> 0.13228055 | I56: =+G56*D56 -> 3109432.1
A57: 11 | B57: =+B49 -> Other | C57: Worksheet A4, Page 1, Line 28, Col. (h) | D57: ='A4-Rate Base'!I46 -> 7847746.5 | F57: =+F49 -> OE | G57: =$K$196 -> 0.12947946 | I57: =+G57*D57 -> 1016122
A58: 12 | B58: TOTAL ACCUM. DEPRECIATION | C58: (Sum of Lines 7 through 11) | D58: =SUM(D53:D57) -> 3.7686549e+08 | I58: =SUM(I53:I57) -> 50519299
B60: NET PLANT IN SERVICE
A61: 13 | B61: =+B53 -> Production | C61: ="(Line "&A45&" - Line "&A53&")" -> (Line 1 - Line 7) | D61: =D45-D53 -> 2.9093459e+08
A62: 14 | B62: =+B54 -> Transmission | C62: ="(Line "&A46&" - Line "&A54&")" -> (Line 2 - Line 8) | D62: =D46-D54 -> 2.5671276e+08 | I62: =I46-I54 -> 2.3845528e+08
A63: 15 | B63: =+B55 -> Distribution | C63: ="(Line "&A47&" - Line "&A55&")" -> (Line 3 - Line 9) | D63: =D47-D55 -> 2.6625473e+08
A64: 16 | B64: =+B56 -> General & Intangible | C64: ="(Line "&A48&" - Line "&A56&")" -> (Line 4 - Line 10) | D64: =D48-D56 -> 21560687 | I64: =I48-I56 -> 2852059.5
A65: 17 | B65: =+B57 -> Other | C65: ="(Line "&A49&" - Line "&A57&")" -> (Line 5 - Line 11) | D65: =D49-D57 -> 15730726 | I65: =I49-I57 -> 2036805.9
A66: 18 | B66: TOTAL NET PLANT | C66: (Sum of Lines 13 through 17) | D66: =SUM(D61:D65) -> 8.5119349e+08 | F66: NP= | G66: =IF(I66>0,I66/D66,0) -> 0.28588581 | I66: =SUM(I61:I65) -> 2.4334414e+08
A68: 18a | B68: CWIP Approved by FERC Order | C68: Worksheet A4, Page 1, Line 14, Col. (g) (Note Q) | D68: ='A4-Rate Base'!H23 -> 0 | G68: 0 | I68: =+G68*D68 -> 0
B70: ADJUSTMENTS TO RATE BASE (Note V)
A71: =+A66+1 -> 19 | B71: Account No. 281 | C71: Worksheet A4, Page 2, Line 14, Col. (d) (Note F) | D71: ='A4-Rate Base'!E89 -> 0 | F71: GP | G71: =GP -> 0.23929098 | I71: =D71*G71 -> 0
A72: =+A71+1 -> 20 | B72: Account No. 282 | C72: Worksheet A4, Page 2, Line 14, Col. (e) (Note F) | D72: ='A4-Rate Base'!F89 -> -135454622 | F72: GP | G72: =GP -> 0.23929098 | I72: =D72*G72 -> -32413070
A73: =+A72+1 -> 21 | B73: Account No. 283 | C73: Worksheet A4, Page 2, Line 14, Col. (f) (Note F) | D73: ='A4-Rate Base'!G89 -> -66229768 | F73: GP | G73: =GP -> 0.23929098 | I73: =D73*G73 -> -15848186
A74: =+A73+1 -> 22 | B74: Account No. 190 | C74: Worksheet A4, Page 2, Line 14, Col. (g) (Note F) | D74: ='A4-Rate Base'!H89 -> 74433280 | F74: GP | G74: =GP -> 0.23929098 | I74: =D74*G74 -> 17811213
A75: =+A74+1 -> 23 | B75: Account No. 255 (enter Zero) | C75: Note B | D75: 0 | G75: 0 | I75: =D75*G75 -> 0
A76: 23a | B76: Unamortized Regulatory Asset | C76: Worksheet A4, Page 2, Line 14, Col. (b) (Note P) | D76: ='A4-Rate Base'!C89 -> 0 | I76: =D76*G76 -> 0
A77: 23aa | B77: Unamortized Regulatory Liability | C77: Worksheet A4, Page 1, Line 42, Col. (h) (Note O) | D77: ='A4-Rate Base'!I66 -> 0 | I77: =D77*G77 -> 0
A78: 23b | B78: Unamortized Abandoned Plant | C78: Worksheet A4, Page 2, Line 14, Col. (c) (Note N) | D78: ='A4-Rate Base'!D89 -> 0 | I78: =D78*G78 -> 0
A79: 23c | B79: Unfunded Reserves | C79: Worksheet A4, Page 2, Line 25, Col. (e) (Note R) | D79: ='A4-Rate Base'!F104 -> -906060.95 | I79: =D79 -> -906060.95
A80: 24 | B80: FAS 109 Adjustment | C80: Worksheet A3, Page 1, Line 200 | D80: ='A3-ADIT'!F48 -> 7178090.1 | F80: GP | G80: =GP -> 0.23929098 | I80: =D80*G80 -> 1717652.2
A81: 25 | B81: Net Excess/Deficient Deferred Income Taxes Transmission | C81: Worksheet A3.1, Ln 358 Col (e) & (j) | D81: ='A3.1-EDIT-DDIT'!I42 -> -39831668 | I81: ='A3.1-EDIT-DDIT'!O42 -> -9034146.8
A82: 26 | B82: TOTAL ADJUSTMENTS | C82: (Sum of Lines 19 - 25) | D82: =SUM(D71:D81) -> -1.6081075e+08 | I82: =SUM(I71:I81) -> -38672599
A84: 27 | B84: LAND HELD FOR FUTURE USE | C84: Worksheet A4, Page 1, Line 14, Col. (h) (Note G) | D84: ='A4-Rate Base'!I23 -> 0 | F84: =+F54 -> TP | G84: =$I$175 -> 0.92887971 | I84: =+G84*D84 -> 0
B86: WORKING CAPITAL | C86: (Note H)
A87: 28 | B87: Cash Working Capital | C87: 1/8*(Page 3, Line 8) | D87: =+D117/8 -> 3707321 | I87: =+I117/8 -> 782186.7
A88: 29 | B88: Materials & Supplies | C88: Worksheet A4, Page 3, Line 17, Col. (e) | D88: ='A4-Rate Base'!F129 -> 172152.01 | F88: TE | G88: =$I$184 -> 0.92887971 | I88: =+G88*D88 -> 159908.51
A89: 30 | B89: Prepayments (Account 165) | C89: Worksheet A8, Page 1, Line 9 , Col. (f) | D89: ='A8-Prepmts'!H16 -> 223437.45 | I89: =D89 -> 223437.45
A90: 31 | B90: TOTAL WORKING CAPITAL | C90: (Sum of Lines 28 through 30) | D90: =D87+D88+D89 -> 4102910.5 | I90: =I87+I88+I89 -> 1165532.7
A92: 32 | B92: RATE BASE | C92: (Sum lines 18, 26, 27, & 31) | D92: =+D90+D84+D82+D66 -> 6.9448565e+08 | I92: =+I90+I84+I82+I66 -> 2.0583707e+08
I94: =I1 -> Actual Attachment H
J95: Page 3
B97: Formula Rate - Non-Levelized | C97: Rate Formula Template | K97: =K4 -> Actuals - For the 12 months ended 12/31/2023
C98: Utilizing FERC Form 1 Data
C100: =C7 -> Black Hills Colorado Electric, LLC
B102: (1) | C102: (2) | D102: (3) | G102: (4) | I102: (5)
A103: Line | C103: Form No. 1 | I103: Transmission
A104: No. | C104: Page, Line, Col. | D104: Company Total | F104: Allocator | I104: (Col 3 times Col 4)
B105: O&M
A106: 1 | B106: Transmission | C106: 321.112.b | D106: 4593888 | F106: TE | G106: =$I$184 -> 0.92887971 | I106: =+G106*D106 -> 4267169.3
A107: 2 | B107: Less Account 561.1-561.3 | C107: 321.85-87.b | D107: =739493+85216 -> 824709 | F107: TE | G107: =$I$184 -> 0.92887971 | I107: =+G107*D107 -> 766055.46
A108: 2a | B108: Less Account 565 | C108: 321.96.b | D108: 931415 | F108: TE | G108: =$I$184 -> 0.92887971 | I108: =+G108*D108 -> 865172.49
A109: 3 | B109: A&G | C109: 323.197.b | D109: 27892381 | F109: W/S | G109: =$I$192 -> 0.13228055 | I109: =+G109*D109 -> 3689619.5
A110: 4 | B110: Adjustments to A&G
A111: 5 | B111: Less EPRI & Reg. Comm. Exp. & Non-safety Ad. (Note I) | C111: Worksheet A2 Line 5 | D111: ='A2-A&G'!D14 -> 1426505 | F111: =F109 -> W/S | G111: =$I$192 -> 0.13228055 | I111: =+G111*D111 -> 188698.87
A112: 5a | B112: Plus Transmission Related Reg. Comm. Exp. | C112: Worksheet A2 Line 14 | D112: ='A2-A&G'!D23 -> 92495 | F112: =+F106 -> TE | G112: =$I$184 -> 0.92887971 | I112: =+G112*D112 -> 85916.729
A113: 5b | B113: Plus: PBOP Actual Cash Outlay | C113: Company Records (Note J) | D113: 556648.07 | F113: W/S | G113: =$I$192 -> 0.13228055 | I113: =+G113*D113 -> 73633.713
A114: 5c | B114: Less: PBOP Net Periodic Expense | C114: Worksheet A2 Line 22 | D114: ='A2-A&G'!D31 -> 294214.92 | F114: =+F113 -> W/S | G114: =$I$192 -> 0.13228055 | I114: =+G114*D114 -> 38918.912
A115: 6 | B115: Other | C115: 356 | D115: 0 | F115: OE | G115: =$K$196 -> 0.12947946 | I115: =+G115*D115 -> 0
A116: 7 | B116: Transmission Lease Payments | C116: (Note W) | D116: 0 | F116: DA | G116: 1 | I116: =+G116*D116 -> 0
A117: 8 | B117: TOTAL O&M (sum lines 1, 3, 5a, 5b, 6, 7 less lines 2, 2a, 5, 5c) | D117: =+D106-D107-D108+D109-D111+D115+D116+D112+D113-D114 -> 29658568 | I117: =+I106-I107-I108+I109-I111+I115+I116+I112+I113-I114 -> 6257493.6
B119: DEPRECIATION AND AMORTIZATION EXPENSE (Note A)
A120: 9 | B120: =+B106 -> Transmission | C120: 336.7.f less 336.7.c | D120: 5381917 | F120: TP | G120: =$I$175 -> 0.92887971 | I120: =+G120*D120 -> 4999153.5
...

Sheet A1-RevCred
A1: Worksheet A1
A2: Revenue Credits
A3: ='Act Att-H'!C7 -> Black Hills Colorado Electric, LLC
J4: Page 1 of 1
A5: Line # | B5: ACCOUNT 454 (RENT FROM ELECTRIC PROPERTY) (Note A)
A7: 1 | B7: FERC Acct | C7: Description | E7: Total | F7: Adjustments | G7: Adjd Total | H7: Allocator | J7: Total
A8: =A7+1 -> 2 | E8: (a) | F8: (b) | G8: (c) | H8: (d) | J8: (e )
A9: =A8+1 -> 3 | B9: 454- Rent From Electric Property
A10: =A9+1 -> 4 | B10: 45400 | C10: Rental Income on Transmission Facilities | E10: 712.25 | F10: 0 | G10: =SUM(E10:F10) -> 712.25 | H10: TP | I10: ='Act Att-H'!I175 -> 0.92887971 | J10: =G10*I10 -> 661.59457
A11: =A10+1 -> 5 | B11: 45400 | C11: Rental Income on Other Facilities | E11: 1763875.9 | F11: =-E11 -> -1763875.9 | G11: =SUM(E11:F11) -> 0 | H11: NA | J11: =G11*I11 -> 0
A12: 5a | B12: 45400 | C12: Rental Income - General | D12: (Note C) | F12: 0 | G12: =SUM(E12:F12) -> 0 | H12: W/S | I12: ='Act Att-H'!G48 -> 0.13228055 | J12: =G12*I12 -> 0
A13: 5b | B13: 45400 | C13: Rental Income - Other | D13: (Note C) | E13: 0 | F13: 0 | G13: =SUM(E13:F13) -> 0 | H13: OE | I13: ='Act Att-H'!G49 -> 0.12947946 | J13: =G13*I13 -> 0
A14: =A11+1 -> 6 | B14: Total 454 - FERC Form No. 1 300.19.b | E14: =SUM(E10:E13) -> 1764588.2 | F14: =SUM(F10:F13) -> -1763875.9 | G14: =SUM(G10:G13) -> 712.25 | J14: =SUM(J10:J13) -> 661.59457
A15: =A14+1 -> 7
A16: =A15+1 -> 8
A17: =A16+1 -> 9 | B17: ACCOUNT 456.1 (OTHER ELECTRIC REVENUES) (Note B)
A18: =A17+1 -> 10
A19: =A18+1 -> 11
A20: =A19+1 -> 12
A21: =A20+1 -> 13
A22: =A21+1 -> 14 | D22: Service | F22: PTP | G22: Network | H22: Ancillary
A23: =A22+1 -> 15 | B23: Type | C23: Description | D23: Type | E23: KW | F23: Trans | G23: Transm | H23: Services | I23: Other | J23: Total
A24: =A23+1 -> 16 | E24: (a) | F24: (b) | G24: (c) | H24: (d) | I24: (e) | J24: (f)
A25: =A24+1 -> 17
A26: =A25+1 -> 18 | B26: Divisor | C26: Long-Term Firm Point to Point Transmission Service | D26: LFP | F26: 4629863 | J26: =SUM(F26:I26) -> 4629863
A27: =A26+1 -> 19 | B27: Divisor | C27: Firm Network Service for Others | D27: FNO | G27: 1214961 | J27: =SUM(F27:I27) -> 1214961
A28: =A27+1 -> 20 | B28: Credit | C28: Short-Term Firm Point to Point Transmission Reservation | D28: SFP | F28: 0 | J28: =SUM(F28:I28) -> 0
A29: =A28+1 -> 21 | B29: Credit | C29: Non-Firm Transmission Service | D29: NF | F29: 908954 | J29: =SUM(F29:I29) -> 908954
A30: =A29+1 -> 22 | B30: Ancillary | C30: Firm Network Service for Others | D30: FNO | H30: 29392 | J30: =SUM(F30:I30) -> 29392
A31: =A30+1 -> 23 | B31: Ancillary | C31: Long-Term Firm Point to Point Transmission Service | D31: LFP | H31: 168966 | J31: =SUM(F31:I31) -> 168966
A32: =A31+1 -> 24 | B32: Ancillary | C32: Short-Term Firm Point to Point Transmission Reservation | D32: SFP | H32: 0 | J32: =SUM(F32:I32) -> 0
A33: =A32+1 -> 25 | B33: Ancillary | C33: Non-Firm Transmission Service | D33: NF | H33: 330297.43 | J33: =SUM(F33:I33) -> 330297.43
A34: =A33+1 -> 26
A35: =A34+1 -> 27
A36: =A35+1 -> 28
A37: =A36+1 -> 29
A38: =A37+1 -> 30
A39: =A38+1 -> 31
A40: =A39+1 -> 32
A41: =A40+1 -> 33
A42: =A41+1 -> 34
A43: =A42+1 -> 35
A44: =A43+1 -> 36
A45: =A44+1 -> 37
A46: =A45+1 -> 38
A47: =A46+1 -> 39 | C47: Total | F47: =SUM(F26:F46) -> 5538817 | G47: =SUM(G26:G46) -> 1214961 | H47: =SUM(H26:H46) -> 528655.43 | I47: =SUM(I26:I46) -> 0 | J47: =SUM(J26:J46) -> 7282433.4
A48: =A47+1 -> 40
A49: =A48+1 -> 41 | B49: Summarized by Type:
A50: =A49+1 -> 42 | B50: Credit | F50: =SUMIF($B$26:$B$46,$B50,F$26:F$46) -> 908954 | G50: =SUMIF($B$26:$B$46,$B50,G$26:G$46) -> 0 | H50: =SUMIF($B$26:$B$46,$B50,H$26:H$46) -> 0 | I50: =SUMIF($B$26:$B$46,$B50,I$26:I$46) -> 0 | J50: =SUMIF($B$26:$B$46,$B50,J$26:J$46) -> 908954
A51: =A50+1 -> 43 | B51: Divisor | F51: =SUMIF($B$26:$B$46,$B51,F$26:F$46) -> 4629863 | G51: =SUMIF($B$26:$B$46,$B51,G$26:G$46) -> 1214961 | H51: =SUMIF($B$26:$B$46,$B51,H$26:H$46) -> 0 | I51: =SUMIF($B$26:$B$46,$B51,I$26:I$46) -> 0 | J51: =SUMIF($B$26:$B$46,$B51,J$26:J$46) -> 5844824
A52: =A51+1 -> 44 | B52: Ancillary | F52: =SUMIF($B$26:$B$46,$B52,F$26:F$46) -> 0 | G52: =SUMIF($B$26:$B$46,$B52,G$26:G$46) -> 0 | H52: =SUMIF($B$26:$B$46,$B52,H$26:H$46) -> 528655.43 | I52: =SUMIF($B$26:$B$46,$B52,I$26:I$46) -> 0 | J52: =SUMIF($B$26:$B$46,$B52,J$26:J$46) -> 528655.43
A53: =A52+1 -> 45 | B53: Other | F53: =SUMIF($B$26:$B$46,$B53,F$26:F$46) -> 0 | G53: =SUMIF($B$26:$B$46,$B53,G$26:G$46) -> 0 | H53: =SUMIF($B$26:$B$46,$B53,H$26:H$46) -> 0 | I53: =SUMIF($B$26:$B$46,$B53,I$26:I$46) -> 0 | J53: =SUMIF($B$26:$B$46,$B53,J$26:J$46) -> 0
A54: =A53+1 -> 46 | B54: Total | F54: =SUM(F50:F53) -> 5538817 | G54: =SUM(G50:G53) -> 1214961 | H54: =SUM(H50:H53) -> 528655.43 | I54: =SUM(I50:I53) -> 0 | J54: =SUM(J50:J53) -> 7282433.4
A55: =A54+1 -> 47
A56: =A55+1 -> 48 | B56: Revenue Types:
A57: =A56+1 -> 49 | B57: Ancillary | C57: Ancillary services includes regulation & frequency, control & dispatch, voltage control, reactive, spinning reserve, and scheduling.
A58: =A57+1 -> 50 | B58: Divisor | C58: Load associated with these revenues are included in the formula divisor.
A59: =A58+1 -> 51 | B59: Credit | C59: Revenue credit because the load is not included in divisor.
A61: Notes
A62: A | B62: Includes income related only to transmission facilities, such as pole attachments, rentals and special use.
A63: B | B63: Lines 20 and 21 of column (b) identify revenues from Short-Term Firm Point to Point Transmission Service (“SFP”) and Non-Firm Transmission Service (“NF”) as those services are defined within, and required to be reported in, the FERC Form 1 at pages 328-330 (or as those page identifiers may be revised by the Commission from time to time). The revenues identified in this Worksheet A1, Lines 20 and 21 column (b) and aggregated at line 42 of column (b) of this Worksheet A1 are credited against the gross ATRR on Actual Attachment H, page 1, line 3. To the extent, SFP or NF on the Black Hills Colorado transmission system was required in association with Sales for Resale (as defined on the FERC Form 1 at pages 310-311 or as those page identifiers may be revised by the Commission from time to time), the SFP or NF revenue would be reported on the operative pages of the FERC Form 1, included in Lines 20 and 21 of this Worksheet A1 at column (b) and would be included in the revenue credit on Actual Attachment H, page 1, line 3.
A64: C | B64: A credit will be provided only if the rent revenue received is associated with other or general plant otherwise included in the formula rate.

Sheet A2-A&G
A1: Worksheet A2
A2: Administrative and General Expenses
A3: ='Act Att-H'!C7 -> Black Hills Colorado Electric, LLC
D4: Page 1 of 1
A6: Line | C6: Form No. 1
A7: No. | B7: Item | C7: Page, Line, Col. | D7: Company Total
A8: 1 | B8: EPRI Annual Membership Dues | C8: 335.1.b | D8: 13899
A9: 2 | B9: Regulatory Commission Expenses | C9: 323.189.b | D9: 1199425
A10: 3 | B10: Account No. 930.1 | C10: 323.191.b | D10: 213181
A11: 4 | B11: Less Safety Related Advertising | C11: Company Records (Note A) | D11: 0
A12: 4a | B12: Lobbying Expense | C12: Company Records | D12: 0
A13: 4b | B13: Penalties | C13: Company Records | D13: 0
A14: 5 | B14: EPRI & Reg. Comm. Exp. & Non-safety Ad. | C14: (Sum of Lines 1-3, 4a, 4b) less Line 4) | D14: =SUM(D8:D10,D12:D13)-D11 -> 1426505
A15: 6
A16: 7
A17: 8 | B17: Transmission Related Regulatory Expense
A18: 9
A19: 10 | B19: Reserved for use in the event of transmission rate filings | C19: Company Records (Note C) | D19: 0
A20: 11 | B20: FERC annual charges - transmission only | C20: 350.1b | D20: 92495
A21: 12
A22: 13
A23: 14 | B23: Total | D23: =SUM(D19:D22) -> 92495
A24: 15
A25: 16 | B25: Transmission Related Regulatory Expense | D25: =+D23 -> 92495
A26: 17
A27: 18
A28: 19 | B28: PBOP Net Periodic expense
A29: 20 | B29: Account No. 920 | C29: Company Records (Note B) | D29: 0
A30: 21 | B30: Account No. 926 | C30: Company Records (Note B) | D30: 294214.92
A31: 22 | B31: PBOP Net Periodic expense | C31: (Note D) | D31: =SUM(D29:D30) -> 294214.92
A33: Notes
A34: A | B34: For FERC account no. 930.1, the Company reviews all entries and identifies those that are safety related advertising.
A35: B | B35: For FERC account nos. 920 and 926, the Company reviews all entries and identifies the PBOP Net Periodic expenses to be removed from A&G.
A36: C | B36: Limited to Transmission-related regulatory expenses itemized from total amounts on FERC Form No. 1 page 351.
A37: D | B37: The amount is the net periodic expense and not the actual cash outlay.

Sheet A3-ADIT
A1: Worksheet A3
A2: Accumulated Deferred Income Taxes
A3: ='Act Att-H'!C7 -> Black Hills Colorado Electric, LLC
F4: Page 1 of 1
D7: BOY Balance | E7: EOY Balance
D8: (Note A) | E8: (Note B)
A9: Line | B9: Item | C9: Ref | D9: 44896 | E9: 45261 | F9: Average Balance
A10: No. | B10: (a) | C10: (b) | D10: (c) | E10: (d) | F10: (e)
A11: 1
A12: =+A11+1 -> 2 | B12: Account No. 281 (enter negative) | C12: 272.2.b & 273.2.k | D12: 0 | E12: 0 | F12: =(D12+E12)/2 -> 0
A13: =+A12+1 -> 3 | B13: Account No. 282 (enter negative) | C13: 274.2.b & 275.2.k | D13: -132909277 | E13: -137999967 | F13: =(D13+E13)/2 -> -135454622
A14: =+A13+1 -> 4 | B14: Account No. 283 (enter negative) | C14: 276.9.b & 277.9.k | D14: -70683636 | E14: -61775900 | F14: =(D14+E14)/2 -> -66229768
A15: =+A14+1 -> 5 | B15: Account No. 190 | C15: 234.8.b&c | D15: 73130366 | E15: 75736193 | F15: =(D15+E15)/2 -> 74433280
A16: 6
A17: 7 | B17: FAS 109 (Note E)
A18: 8 | B18: FAS 109 Adjustment to ADIT
A19: =A18+1 -> 9 | B19: Alternative Fuel Vehicle Tax Credit | C19: Company Records | D19: -7860 | E19: -7860 | F19: =(D19+E19)/2 -> -7860
A20: =A19+1 -> 10 | B20: Asset Retirement Obligation | C20: Company Records | D20: 11193378 | E20: 9524255 | F20: =(D20+E20)/2 -> 10358816
A21: =A20+1 -> 11 | B21: Bad Debt Reserve | C21: Company Records | D21: -2255250 | E21: -1760828.5 | F21: =(D21+E21)/2 -> -2008039.3
A22: =A21+1 -> 12 | B22: CWIP | C22: Company Records | D22: -132 | E22: 5233 | F22: =(D22+E22)/2 -> 2550.5
A23: =A22+1 -> 13 | B23: Deferred Regulatory | C23: Company Records | D23: 3118390 | E23: -3458426 | F23: =(D23+E23)/2 -> -170018
A24: =A23+1 -> 14 | B24: Deferred Tax Asset - Other | C24: Company Records | D24: -158205 | E24: 0 | F24: =(D24+E24)/2 -> -79102.5
A25: =A24+1 -> 15 | B25: Deferred Tax Liability Other | C25: Company Records | D25: 898706 | E25: 1105899 | F25: =(D25+E25)/2 -> 1002302.5
A26: =A25+1 -> 16 | B26: EDIT Exclude | C26: Company Records | D26: 0 | E26: 0 | F26: =(D26+E26)/2 -> 0
A27: =A26+1 -> 17 | B27: Energy Cost Adjusment | C27: Company Records | D27: 0 | E27: 0 | F27: =(D27+E27)/2 -> 0
A28: =A27+1 -> 18 | B28: Equity AFUDC | C28: Company Records | D28: 229515 | E28: 220606 | F28: =(D28+E28)/2 -> 225060.5
A29: =A28+1 -> 19 | B29: Federal Research and Development Tax Credits | C29: Company Records | D29: -2191580 | E29: -2434648.1 | F29: =(D29+E29)/2 -> -2313114.1
A30: =A29+1 -> 20 | B30: Goodwill | C30: Company Records | D30: 39997885 | E30: 41311783 | F30: =(D30+E30)/2 -> 40654834
... A46: =A45+1 -> 36 | B46: Winter Storm Uri | C46: Company Records | D46: 2999955 | E46: 870070 | F46: =(D46+E46)/2 -> 1935012.5
A47: =A46+1 -> 37 | B47: … | C47: Company Records | F47: =(D47+E47)/2 -> 0
A48: 200 | B48: FAS 109 Adjustment to ADIT for Attachment H | F48: =SUM(F19:F47) -> 7178090.1
A52: Notes:
A53: A | B53: Beginning of Year ("BOY") balance is end of previous year balance per FERC Form No. 1.
A54: B | B54: End of Year ("EOY") balance is end of current year balance per FERC Form No. 1.
A55: C | B55: Reserved. Will not be populated absent approval by FERC.
A56: D | B56: Reserved. Will not be populated absent approval by FERC.
A57: E | B57: The effect of the FAS 109 Adjustment to ADIT is to remove deferred taxes included in accounts 190, 282 and 283 that are non-ratemaking in nature.

Sheet A3.1-EDIT-DDIT
A1: Worksheet A3.1
A2: Accumulated Excess / Deficient Deferred Income Taxes ("EDIT"/"DDIT") (Note A, H)
A3: ='Act Att-H'!C7 -> Black Hills Colorado Electric, LLC
A4: ='Act Att-H'!K4 -> Actuals - For the 12 months ended 12/31/2023
F7: 44896 | G7: 2023 | H7: 2023 | I7: 45261 | L7: =+F7 -> 44896 | M7: =+G7 -> 2023 | N7: =H7 -> 2023 | O7: =I7 -> 45261
A8: No. | B8: (a) | C8: (a1) | D8: (a2) | E8: (a3) | F8: (b) | G8: (c) | H8: (d) | I8: (e) | J8: (f) | L8: (g) | M8: (h) | N8: (i) | O8: (j) | P8: (k) | Q8: (l)
A10: Line No. | B10: Item (Note A1) | C10: Vintage | D10: Account | E10: Form No. 1 Page (Note I) | F10: BOY Balance (Note B) | G10: Current Period Amortization (Note C) | H10: Current Period Other Activity (Note D) | I10: EOY Balance (Note E) | J10: Allocator (Note F) | L10: BOY Allocated Amount | M10: Current Amortization Allocated | N10: Current Period Other Activity Allocated | O10: EOY Allocated Amount | P10: Prorated (Yes/No) (Note G) | Q10: Amort Period or Method
A12: 1 | B12: NON PLANT DDIT/(EDIT)
A13: =A12+1 -> 2 | B13: Total Non-Protected Non-Property - DDIT (Note K) | C13: 2017 TCJA | D13: 182.3 | F13: 0 | G13: 0 | H13: 0 | I13: 1e-09 | J13: 2017 NP | K13: 0.22680815 | L13: =F13*$K13 -> 0 | M13: =G13*$K13 -> 0 | N13: =H13*$K13 -> 0 | O13: =I13*$K13 -> 2.2680815e-10 | P13: Yes | Q13: One-Time Refund
A14: =A13+1 -> 3 | B14: … | L14: =F14*$K14 -> 0 | M14: =G14*$K14 -> 0 | N14: =H14*$K14 -> 0 | O14: =I14*$K14 -> 0
A15: 50 | B15: Total Non Plant Non-Protected DDIT/(EDIT) | F15: =SUM(F13:F14) -> 0 | G15: =SUM(G13:G14) -> 0 | H15: =SUM(H13:H14) -> 0 | I15: =SUM(I13:I14) -> 1e-09 | L15: =SUM(L13:L14) -> 0 | M15: =SUM(M13:M14) -> 0 | N15: =SUM(N13:N14) -> 0 | O15: =SUM(O13:O14) -> 2.2680815e-10
A17: 51 | B17: Deferred Tax Liability Non Plant (Note K) | C17: 2017 TCJA | D17: 283 | F17: 0 | G17: 0 | H17: 0 | I17: 0 | J17: 2017 NP | K17: 0.22680815 | L17: =F17*$K17 -> 0 | M17: =G17*$K17 -> 0 | N17: =H17*$K17 -> 0 | O17: =I17*$K17 -> 0
A18: 52 | B18: … | L18: =F18*$K18 -> 0 | M18: =G18*$K18 -> 0 | N18: =H18*$K18 -> 0 | O18: =I18*$K18 -> 0
A19: 150 | B19: Total Deferred Tax Offset Non Plant | F19: =SUM(F17:F18) -> 0 | G19: =SUM(G17:G18) -> 0 | H19: =SUM(H17:H18) -> 0 | I19: =SUM(I17:I18) -> 0 | L19: =SUM(L17:L18) -> 0 | M19: =SUM(M17:M18) -> 0 | N19: =SUM(N17:N18) -> 0 | O19: =SUM(O17:O18) -> 0
A20: 151
A21: 152 | B21: Total Non Plant Non-Protected DDIT/(EDIT) (Net of Tax Gross Up) | F21: =F15+F19 -> 0 | G21: =G15+G19 -> 0 | H21: =H15+H19 -> 0 | I21: =I15+I19 -> 1e-09 | L21: =L15+L19 -> 0 | M21: =M15+M19 -> 0 | N21: =N15+N19 -> 0 | O21: =O15+O19 -> 2.2680815e-10
A23: 200 | B23: PLANT DDIT/(EDIT)
A24: =A23+1 -> 201 | B24: Total Protected Property - EDIT | C24: 2017 TCJA | D24: 254 | F24: -71391714 | G24: 2455249.2 | H24: -831919.17 | I24: -69768384 | J24: 2017 NP | K24: 0.22680815 | L24: =F24*$K24 -> -16192223 | M24: =G24*$K24 -> 556870.52 | N24: =H24*$K24 -> -188686.05 | O24: =I24*$K24 -> -15824038 | P24: Yes | Q24: ARAM
A25: =A24+1 -> 202 | B25: Total Non-Protected Property - EDIT (Note K) | C25: 2017 TCJA | D25: 254 | F25: 0 | H25: 0 | I25: 0 | J25: 2017 NP | K25: 0.22680815 | L25: =F25*$K25 -> 0 | M25: =G25*$K25 -> 0 | N25: =H25*$K25 -> 0 | O25: =I25*$K25 -> 0 | P25: Yes | Q25: One-Time Refund
A26: =A25+1 -> 203 | B26: Total Protected Property - DDIT-NOL | C26: 2017 TCJA | D26: 182.3 | F26: 31165737 | G26: -1030090.3 | H26: 195379.34 | I26: 30331026 | J26: 2017 NP | K26: 0.22680815 | L26: =F26*$K26 -> 7068643.1 | M26: =G26*$K26 -> -233632.88 | N26: =H26*$K26 -> 44313.627 | O26: =I26*$K26 -> 6879323.9 | P26: Yes | Q26: ARAM
A27: =A26+1 -> 204 | B27: … | L27: =F27*$K27 -> 0 | M27: =G27*$K27 -> 0 | N27: =H27*$K27 -> 0 | O27: =I27*$K27 -> 0
A28: 299 | B28: Total Plant DDIT/(EDIT) | F28: =SUM(F24:F27) -> -40225977 | G28: =SUM(G24:G27) -> 1425158.8 | H28: =SUM(H24:H27) -> -636539.82 | I28: =SUM(I24:I27) -> -39437358 | L28: =SUM(L24:L27) -> -9123579.4 | M28: =SUM(M24:M27) -> 323237.63 | N28: =SUM(N24:N27) -> -144372.42 | O28: =SUM(O24:O27) -> -8944714.2
A30: 300 | B30: Deferred Tax Asset Plant | C30: 2017 TCJA | D30: 190 | F30: 17561674 | G30: -600946.79 | H30: 203620.54 | I30: 17164348 | J30: 2017 NP | K30: 0.22680815 | L30: =F30*$K30 -> 3983130.9 | M30: =G30*$K30 -> -136299.63 | N30: =H30*$K30 -> 46182.797 | O30: =I30*$K30 -> 3893014
A31: =A30+1 -> 301 | B31: Deferred Tax Liability Plant | C31: 2017 TCJA | D31: 283 | F31: -7666835 | G31: 252124.91 | H31: -47821.048 | I31: -7462531.1 | J31: 2017 NP | K31: 0.22680815 | L31: =F31*$K31 -> -1738900.7 | M31: =G31*$K31 -> 57183.985 | N31: =H31*$K31 -> -10846.203 | O31: =I31*$K31 -> -1692562.9
A32: =A31+1 -> 302 | B32: … | L32: =F32*$K32 -> 0 | M32: =G32*$K32 -> 0 | N32: =H32*$K32 -> 0 | O32: =I32*$K32 -> 0
A33: 350 | B33: Total Deferred Tax Offset Plant | F33: =SUM(F30:F32) -> 9894839.5 | G33: =SUM(G30:G32) -> -348821.87 | H33: =SUM(H30:H32) -> 155799.49 | I33: =SUM(I30:I32) -> 9701817.1 | L33: =SUM(L30:L32) -> 2244230.2 | M33: =SUM(M30:M32) -> -79115.644 | N33: =SUM(N30:N32) -> 35336.593 | O33: =SUM(O30:O32) -> 2200451.2
A34: =A33+1 -> 351
A35: =A34+1 -> 352 | B35: Total Plant DDIT/(EDIT) (Net of Tax Gross Up) | F35: =F28+F33 -> -30331138 | G35: =G28+G33 -> 1076336.9 | H35: =H28+H33 -> -480740.34 | I35: =I28+I33 -> -29735541 | L35: =L28+L33 -> -6879349.2 | M35: =M28+M33 -> 244121.99 | N35: =N28+N33 -> -109035.83 | O35: =O28+O33 -> -6744263
A37: 353 | B37: TOTALS
A38: =A37+1 -> 354
A39: =A38+1 -> 355 | B39: Total Excess/Deficient Deferred Income Taxes (Note I) | F39: =+F15+F28 -> -40225977 | G39: =+G15+G28 -> 1425158.8 | H39: =+H15+H28 -> -636539.82 | I39: =+I15+I28 -> -39437358 | L39: =+L15+L28 -> -9123579.4 | M39: =+M15+M28 -> 323237.63 | N39: =+N15+N28 -> -144372.42 | O39: =+O15+O28 -> -8944714.2
A40: =A39+1 -> 356 | B40: Total Deferred Tax Offset | F40: =F19+F33 -> 9894839.5 | G40: =G19+G33 -> -348821.87 | H40: =H19+H33 -> 155799.49 | I40: =I19+I33 -> 9701817.1 | L40: =L19+L33 -> 2244230.2 | M40: =M19+M33 -> -79115.644 | N40: =N19+N33 -> 35336.593 | O40: =O19+O33 -> 2200451.2
A41: =A40+1 -> 357 | B41: Total Excess/Deficient Deferred Income Taxes (Net of Tax Gross Up) (Note J) | F41: =SUM(F39:F40) -> -30331138 | G41: =SUM(G39:G40) -> 1076336.9 | H41: =SUM(H39:H40) -> -480740.34 | I41: =SUM(I39:I40) -> -29735541 | L41: =SUM(L39:L40) -> -6879349.2 | M41: =SUM(M39:M40) -> 244121.99 | N41: =SUM(N39:N40) -> -109035.83 | O41: =SUM(O39:O40) -> -6744263
A42: =A41+1 -> 358 | B42: Total Excess/Deficient Deferred Income Taxes Annual Average | I42: =(I39+F39)/2 -> -39831668 | O42: =(O39+L39)/2 -> -9034146.8
A43: =A42+1 -> 359 | B43: Weighted Average EDIT/DDIT Net Plant Allocator | O43: =O41/I41 -> 0.22680815
A45: Notes:
A46: A | B46: Upon a tax rate change, the Company remeasures its deferred tax assets and liabilities to the new applicable corporate tax rate. The result of this remeasurement is a change in the deferred taxes recorded in accounts 190, 282, and 283 with a corresponding change in regulatory assets or liabilities to reflect the impact to customers. The remeasurement is effectuated mathematically by taking the ADIT balance before the tax rate change and dividing by the prior tax rate to arrive at gross timing differences. Next, the new tax rate is applied against the balance of gross timing differences. The difference in the two results is reclassified from ADIT to regulatory assets/liabilities for deficient/excess ADIT. Accounts 182.3 Regulatory Asset for deficient ADIT and 254 Regulatory Liability for excess ADIT are presented grossed-up for tax purposes as is the amortization. Black Hills Colorado Electric, LLC would follow the process described above to remeasure ADIT balance (increase or decrease) due to any future income tax rate change. See Wkpr A3.2-EDIT-DDIT.dtl for detailed derivation. The FERC Form No. 1 reference in column (a3) will be populated beginning for the twelve months ended December 31, 2021 (2021 FERC Form 1).
A47: A1 | B47: The determination of an item as "Protected" versus "Non-Protected" has been and will be made in accordance with applicable tax code and regulations.
A48: B | B48: Beginning of Year ("BOY") balance is end of Prior Year balance reflected on FERC Form No. 1 p.232/278
A49: C | B49: DDIT or EDIT is reduced in the current period under the prescribed amortization method to account 410.1, Provision for Deferred Income Taxes, Utility Operating Income and 411.1, Provision for Deferred Income Taxes—Credit, Utility Operating Income, respectively.
A50: D | B50: Includes the impact of tax rate changes enacted during the period.
A51: E | B51: End of Year ("EOY") balance is the end of Current Year balance reflected on FERC Form No. 1. p.232/278
A52: F | B52: The "2017 NP" allocation code represents the "NP" allocator applied in formula rate filings for year-ended 2017. This allocation factor is applied to EDIT because it was the allocator in effect in the year in which the Tax Cuts and Jobs Act ("TCJA") was enacted. The 2017 Net Plant allocator must remain fixed and will not be updated each year. In the event the Company populates the data enterable fields for future income tax changes, the Company will support its chosen allocation factor for EDIT or DDIT as just and reasonable in its annual update following a change in tax rates.
A53: G | B53: With respect to Projected Transmission Rate filings, each EDIT/DDIT Item must be categorized into balances that require proration and those that do not. EDIT/DDIT items with a "Plant" Explanation code are generally subject to proration treatment consistent with the proration treatment of plant related ADIT in Account 282.
A54: H | B54: In the event the Company populates the data enterable fields for future income tax changes, the Company will support the data entered as just and reasonable in its annual update following a change in tax rates.
A55: I | B55: Prior to 2021, Black Hills Colorado net its regulatory assets and regulatory liabilities related to deficient deferred income taxes and excess deferred taxes in account 254 or associated subaccounts. Beginning in 2021, regulatory assets for deficient deferred income taxes are in account 182.3 and regulatory liabilities for excess deferred income taxes are in account 254.
A56: J | B56: The net amortization of the regulatory liability for excess deferred income taxes in Account 254 and the associated deferred tax asset in Account 190 is a positive number. The net amortization of the regulatory asset for deficient deferred income taxes in account 182.3 and the associated deferred tax liability in Account 283 is a negative number. The net amortization of excess deferred income taxes reduces income tax expense by the net amortization amount multiplied by (1/(1-T)) on Attachment H. The Excess or Deficient ADIT are amortized to Accounts 410.1 / 411.1.
A57: K | B57: Due to a one time refund in 2021 and for purposes of implementing initial rates, the balances on lines 2 and 202 reflect a one-time refund in 2021 rather than 2020 actuals. This one time adjustment occurred to avoid impacts in future rate years.

Sheet A3.2-EDIT-DDIT.dtl
A1: Worksheet A3.2
A2: (Excess)/Deficient Deferred Income Taxes - FERC Order 864 Worksheet -- Tax Rate Change
A3: Black Hills Colorado Electric, LLC
A4: ='Act Att-H'!K4 -> Actuals - For the 12 months ended 12/31/2023
H5: Prior Year: | I5: 2017
H6: New Tax Rate? | I6: Yes
H7: New Rate: | I7: 0.203805
H8: Tax Gross Up Factor: | I8: 1.3272757
H9: Vintage Name: | I9: 2017 TCJA
B10: (Col 1) | C10: (Col 2) | D10: (Col 3) | E10: (Col 4) | F10: (Col 5) | G10: (Col 6) | H10: (Col 7) | I10: (Col 8)
D11: New Tax Rate Adjustment Calculation
D12: Company Records | E12: Company Records | F12: (C3) x New Rate | G12: = (C4) - (C5) | H12: = (C6) * Tax Gross Up Factor | I12: = (C6) - (C7)
A13: Line | C13: FERC Acct | D13: Accumulated (Taxable) / Deductible Book-to-Tax Differences | E13: Accumulated DIT Balances at Prior Tax Rate | F13: Accumulated DIT Balance at New Tax Rate | G13: (Excess) Deficient Def. Taxes at New Tax Rate | H13: (Excess) Deficient Def. Taxes with Tax Gross Up 182.3 / 254 Acct (Note A) | I13: Deferred Tax Offset (Note B)
A14: 1 | B14: Protected - Property
A15: 2 | B15: Method/Life | C15: 282 | D15: -4.5888965e+08 | E15: -1.5587334e+08 | F15: =+D15*$I$7 -> -93524006 | G15: =+E15-F15 -> -62349337 | H15: =+G15*$I$8 -> -82754757 | I15: =+G15-H15 -> 20405420
A16: 3 | B16: Cost of Removal | C16: 282 | D16: 12501555 | E16: 4246465.9 | F16: =+D16*$I$7 -> 2547879.5 | G16: =+E16-F16 -> 1698586.3 | H16: =+G16*$I$8 -> 2254492.3 | I16: =+G16-H16 -> -555905.95
A17: 4 | B17: Federal NOL | C17: 190 | D17: 1.9581664e+08 | E17: 66514018 | F17: =+D17*$I$7 -> 39908411 | G17: =+E17-F17 -> 26605607 | H17: =+G17*$I$8 -> 35312975 | I17: =+G17-H17 -> -8707367.4
A18: 5 | B18: … | F18: =+D18*$I$7 -> 0 | G18: =+E18-F18 -> 0 | H18: =+G18*$I$8 -> 0 | I18: =+G18-H18 -> 0
A19: 99 | D19: =SUM(D15:D18) -> -2.5057145e+08 | E19: =SUM(E15:E18) -> -85112859 | F19: =SUM(F15:F18) -> -51067715 | G19: =SUM(G15:G18) -> -34045143 | H19: =SUM(H15:H18) -> -45187290 | I19: =SUM(I15:I18) -> 11142146
A21: 100 | B21: Non-Protected - Property
A22: 101 | B22: 1603 Grant | C22: 282 | D22: 3480140.7 | E22: 1182116.8 | F22: =+D22*$I$7 -> 709270.08 | G22: =+E22-F22 -> 472846.72 | H22: =+G22*$I$8 -> 627597.94 | I22: =+G22-H22 -> -154751.22
A23: 102 | B23: 162 Ordinary & Necessary Business Deductions | C23: 282 | D23: -1367948.3 | E23: -464657.83 | F23: =+D23*$I$7 -> -278794.7 | G23: =+E23-F23 -> -185863.13 | H23: =+G23*$I$8 -> -246691.61 | I23: =+G23-H23 -> 60828.478
A24: 103 | B24: 174 Development & Engineering Costs | C24: 282 | D24: -18147933 | E24: -6164399.3 | F24: =+D24*$I$7 -> -3698639.6 | G24: =+E24-F24 -> -2465759.7 | H24: =+G24*$I$8 -> -3272742.8 | I24: =+G24-H24 -> 806983.11
A25: 104 | B25: Construction Work in Progress | C25: 282 | D25: 1890375.3 | E25: 642113.23 | F25: =+D25*$I$7 -> 385267.94 | G25: =+E25-F25 -> 256845.29 | H25: =+G25*$I$8 -> 340904.5 | I25: =+G25-H25 -> -84059.21
A26: 105 | B26: Construction Period Interest | C26: 282 | D26: 252398.56 | E26: 85733.481 | F26: =+D26*$I$7 -> 51440.089 | G26: =+E26-F26 -> 34293.392 | H26: =+G26*$I$8 -> 45516.785 | I26: =+G26-H26 -> -11223.392
A27: 106 | B27: Contribution in Aid of Construction | C27: 282 | D27: 22703548 | E27: 7711827.6 | F27: =+D27*$I$7 -> 4627096.6 | G27: =+E27-F27 -> 3084731.1 | H27: =+G27*$I$8 -> 4094288.4 | I27: =+G27-H27 -> -1009557.4
A28: =A27+1 -> 107 | B28: Tax Repairs Deduction | C28: 282 | D28: -35693416 | E28: -12124161 | F28: =+D28*$I$7 -> -7274496.6 | G28: =+E28-F28 -> -4849664.4 | H28: =+G28*$I$8 -> -6436841.5 | I28: =+G28-H28 -> 1587177.1
A29: =A28+1 -> 108 | B29: Capitalization of Overhead | C29: 282 | D29: -21027219 | E29: -7142420.7 | F29: =+D29*$I$7 -> -4285452.4 | G29: =+E29-F29 -> -2856968.3 | H29: =+G29*$I$8 -> -3791984.5 | I29: =+G29-H29 -> 935016.16
A30: =A29+1 -> 109 | B30: … | F30: =+D30*$I$7 -> 0 | G30: =+E30-F30 -> 0 | H30: =+G30*$I$8 -> 0 | I30: =+G30-H30 -> 0
A31: 199 | D31: =SUM(D22:D30) -> -47910054 | E31: =SUM(E22:E30) -> -16273848 | F31: =SUM(F22:F30) -> -9764308.6 | G31: =SUM(G22:G30) -> -6509539.1 | H31: =SUM(H22:H30) -> -8639952.7 | I31: =SUM(I22:I30) -> 2130413.6
A33: 200 | B33: Total Property Related (= L99 + L199) | D33: =+D19+D31 -> -2.9848151e+08 | E33: =+E19+E31 -> -1.0138671e+08 | F33: =+F19+F31 -> -60832024 | G33: =+G19+G31 -> -40554682 | H33: =+H19+H31 -> -53827243 | I33: =+I19+I31 -> 13272560
A35: 300 | B35: Non-Protected - Non-Property
A36: 301 | B36: Accrued Vacation | C36: 190 | D36: 186258.31 | E36: 63267.291 | F36: =+D36*$I$7 -> 37960.375 | G36: =+E36-F36 -> 25306.917 | H36: =+G36*$I$8 -> 33589.254 | I36: =+G36-H36 -> -8282.3376
A37: 302 | B37: Bad Debt Reserve | C37: 190 | D37: 7766143.4 | E37: 2637964.7 | F37: =+D37*$I$7 -> 1582778.8 | G37: =+E37-F37 -> 1055185.9 | H37: =+G37*$I$8 -> 1400522.5 | I37: =+G37-H37 -> -345336.65
A38: 303 | B38: Deferred Rate Case | C38: 283 | D38: -378023.27 | E38: -128405.05 | F38: =+D38*$I$7 -> -77043.033 | G38: =+E38-F38 -> -51362.022 | H38: =+G38*$I$8 -> -68171.561 | I38: =+G38-H38 -> 16809.539
A39: 304 | B39: Employee Compensation | C39: 190 | D39: 530487.2 | E39: 180193.24 | F39: =+D39*$I$7 -> 108115.94 | G39: =+E39-F39 -> 72077.296 | H39: =+G39*$I$8 -> 95666.44 | I39: =+G39-H39 -> -23589.144
A40: 305 | B40: Employee Group Insurance | C40: 190 | D40: 128516.5 | E40: 43653.842 | F40: =+D40*$I$7 -> 26192.305 | G40: =+E40-F40 -> 17461.537 | H40: =+G40*$I$8 -> 23176.273 | I40: =+G40-H40 -> -5714.7358
A41: 306 | B41: Insurance Reserve | C41: 190 | D41: 20319.93 | E41: 6902.1722 | F41: =+D41*$I$7 -> 4141.3033 | G41: =+E41-F41 -> 2760.8689 | H41: =+G41*$I$8 -> 3664.434 | I41: =+G41-H41 -> -903.56516
A42: 307 | B42: Line Extension Deposits | C42: 190 | D42: 2992922.6 | E42: 1016621 | F42: =+D42*$I$7 -> 609972.58 | G42: =+E42-F42 -> 406648.39 | H42: =+G42*$I$8 -> 539734.5 | I42: =+G42-H42 -> -133086.12
A43: 308 | B43: Pension | C43: 283 | D43: -9890835.7 | E43: -3359669.6 | F43: =+D43*$I$7 -> -2015801.8 | G43: =+E43-F43 -> -1343867.9 | H43: =+G43*$I$8 -> -1783683.1 | I43: =+G43-H43 -> 439815.22
A44: 309 | B44: Performance Plan | C44: 190 | D44: 10088.17 | E44: 3426.6991 | F44: =+D44*$I$7 -> 2056.0195 | G44: =+E44-F44 -> 1370.6797 | H44: =+G44*$I$8 -> 1819.2697 | I44: =+G44-H44 -> -448.59008
A45: 310 | B45: Power Plant Maintenance | C45: 190 | D45: 859042.77 | E45: 291795.35 | F45: =+D45*$I$7 -> 175077.21 | G45: =+E45-F45 -> 116718.14 | H45: =+G45*$I$8 -> 154917.15 | I45: =+G45-H45 -> -38199.006
A46: 311 | B46: Prepaid Expenses | C46: 283 | D46: -985985.08 | E46: -334914.48 | F46: =+D46*$I$7 -> -200948.69 | G46: =+E46-F46 -> -133965.79 | H46: =+G46*$I$8 -> -177809.53 | I46: =+G46-H46 -> 43843.742
A47: 312 | B47: PUC Fees | C47: 190 | D47: 465927.65 | E47: 158263.97 | F47: =+D47*$I$7 -> 94958.385 | G47: =+E47-F47 -> 63305.59 | H47: =+G47*$I$8 -> 84023.968 | I47: =+G47-H47 -> -20718.378
... A50: 315 | B50: Workman's Compensation | C50: 190 | D50: 364754.71 | E50: 123898.06 | F50: =+D50*$I$7 -> 74338.834 | G50: =+E50-F50 -> 49559.222 | H50: =+G50*$I$8 -> 65778.749 | I50: =+G50-H50 -> -16219.527
A51: 316 | B51: … | F51: =+D51*$I$7 -> 0 | G51: =+E51-F51 -> 0 | H51: =+G51*$I$8 -> 0 | I51: =+G51-H51 -> 0
A52: 400 | B52: Total Non-Property Related | D52: =SUM(D36:D51) -> 6629514.1 | E52: =SUM(E36:E51) -> 2251880.2 | F52: =SUM(F36:F51) -> 1351128.1 | G52: =SUM(G36:G51) -> 900752.08 | H52: =SUM(H36:H51) -> 1195546.3 | I52: =SUM(I36:I51) -> -294794.22
E53: =+E32+E51 -> 0
A54: 500 | B54: Grand Total (= L200 + L400) | D54: =+D33+D52 -> -2.9185199e+08 | E54: =+E33+E52 -> -99134826 | F54: =+F33+F52 -> -59480896 | G54: =+G33+G52 -> -39653930 | H54: =+H33+H52 -> -52631696 | I54: =+I33+I52 -> 12977766
A56: Notes:
A57: A | B57: Positive figures represent deficient deferred income tax regulatory assets, whereas negative figures represent excess deferred income tax regulatory liabilities. The Company presents the accounts grossed up for taxes with an offsetting deferred tax item to reflect the gross up.
A58: B | B58: The deferred tax offset may be an asset or liability depending on the character of the regulatory item. A regulatory liability is a temporary difference for which a deferred tax asset is recognized in Account 190. A regulatory asset is a temporary difference for which a deferred tax liability is recognized in account 283.

Sheet A4-Rate Base
E1: Worksheet A4
E2: Rate Base Worksheet
E3: ='Act Att-H'!C7 -> Black Hills Colorado Electric, LLC | I3: Page 1 of 3
C5: Gross Plant In Service | H5: CWIP | I5: LHFFU
A7: Line No | B7: Month | C7: Production | D7: Transmission | E7: Distribution | F7: General & Intangible | G7: Other | H7: CWIP (Note C) | I7: Land Held for Future Use
B8: (a) | C8: (b) | D8: (c) | E8: (d) | F8: (e) | G8: (f) | H8: (g) | I8: (h)
B9: FN1 Reference for Dec | C9: 205.46.g (Note K) Excluding ARO | D9: 207.58.g (Note K) Excluding ARO | E9: 207.75.g (Note K) Excluding ARO | F9: 208.8.e, 205.5.g & 207.99.g (Note K) Excluding ARO | G9: 201.8.e,f,g,h (Note K) Excluding ARO | H9: 216.x.b | I9: 216.x.d
A10: 1 | B10: December Prior Year | C10: 4.2492926e+08 | D10: 2.6430396e+08 | E10: 4.1097829e+08 | F10: 44375264 | G10: 22745275 | H10: 0 | I10: 0
A11: 2 | B11: January | C11: 4.2500676e+08 | D11: 2.6439592e+08 | E11: 4.1367044e+08 | F11: 44421460 | G11: 23309909 | H11: 0 | I11: 0
A12: 3 | B12: February | C12: 4.2621507e+08 | D12: 3.1238759e+08 | E12: 4.1937865e+08 | F12: 44222580 | G12: 23328150 | H12: 0 | I12: 0
A13: 4 | B13: March | C13: 4.2514347e+08 | D13: 3.1207875e+08 | E13: 4.2071391e+08 | F13: 44620658 | G13: 23646037 | H13: 0 | I13: 0
A14: 5 | B14: April | C14: 4.2690225e+08 | D14: 3.1169762e+08 | E14: 4.2258805e+08 | F14: 44722279 | G14: 23709406 | H14: 0 | I14: 0
A15: 6 | B15: May | C15: 4.2692286e+08 | D15: 3.113804e+08 | E15: 4.2653616e+08 | F15: 44460075 | G15: 23516789 | H15: 0 | I15: 0
A16: 7 | B16: June | C16: 4.2509587e+08 | D16: 3.1098861e+08 | E16: 4.2770305e+08 | F16: 45345628 | G16: 23523377 | H16: 0 | I16: 0
A17: 8 | B17: July | C17: 4.2509587e+08 | D17: 3.0996406e+08 | E17: 4.3050729e+08 | F17: 45888407 | G17: 23657228 | H17: 0 | I17: 0
A18: 9 | B18: August | C18: 4.2509587e+08 | D18: 3.1729502e+08 | E18: 4.3313749e+08 | F18: 46148082 | G18: 23120890 | H18: 0 | I18: 0
A19: 10 | B19: September | C19: 4.2529773e+08 | D19: 3.1742969e+08 | E19: 4.3338007e+08 | F19: 45375135 | G19: 23103995 | H19: 0 | I19: 0
A20: 11 | B20: October | C20: 4.2529773e+08 | D20: 3.179617e+08 | E20: 4.358899e+08 | F20: 45504156 | G20: 23375641 | H20: 0 | I20: 0
A21: 12 | B21: November | C21: 4.277079e+08 | D21: 3.1851693e+08 | E21: 4.3712129e+08 | F21: 45132401 | G21: 23437679 | H21: 0 | I21: 0
A22: 13 | B22: December | C22: 4.2768409e+08 | D22: 3.1816252e+08 | E22: 4.3781305e+08 | F22: 45655275 | G22: 26045763 | H22: 0 | I22: 0
A23: 14 | B23: Average of the 13 Monthly Balances | C23: =SUM(C10:C22)/13 -> 4.2587652e+08 | D23: =SUM(D10:D22)/13 -> 3.0665867e+08 | E23: =SUM(E10:E22)/13 -> 4.2687828e+08 | F23: =SUM(F10:F22)/13 -> 45067031 | G23: =SUM(G10:G22)/13 -> 23578472 | H23: =SUM(H10:H22)/13 -> 0 | I23: =SUM(I10:I22)/13 -> 0
E28: Accumulated Depreciation
A30: Line No | B30: Month | C30: reserved | D30: reserved | E30: Production | F30: Transmission | G30: Distribution | H30: General & Intangible | I30: Other
B31: (a) | C31: (b) | D31: (c) | E31: (d) | F31: (e) | G31: (f) | H31: (g) | I31: (h)
B32: FN1 Reference for Dec | E32: 219.20-24.c Excluding ARO | F32: 219.25.c Excluding ARO | G32: 219.26.c Excluding ARO | H32: 201.14.e, 219.28.c & 200.21.c Excluding ARO | I32: 201.14.e,f,g,h (Note K) Excluding ARO
A33: 15 | B33: December Prior Year | E33: 1.27509e+08 | F33: 48570088 | G33: 1.5633446e+08 | H33: 22582172 | I33: 6269229
A34: 16 | B34: January | E34: 1.2940045e+08 | F34: 47906452 | G34: 1.5781844e+08 | H34: 22952556 | I34: 6768124
A35: 17 | B35: February | E35: 1.306591e+08 | F35: 48315675 | G35: 1.5846182e+08 | H35: 22981962 | I35: 7049551
A36: 18 | B36: March | E36: 1.3083291e+08 | F36: 48627860 | G36: 1.5893436e+08 | H36: 23131636 | I36: 7331509
A37: 19 | B37: April | E37: 1.3302213e+08 | F37: 49084878 | G37: 1.5955725e+08 | H37: 23481533 | I37: 7514878
A38: 20 | B38: May | E38: 1.3428455e+08 | F38: 49505932 | G38: 1.597033e+08 | H38: 23457186 | I38: 7564282
A39: 21 | B39: June | E39: 1.3458915e+08 | F39: 49891891 | G39: 1.5995635e+08 | H39: 23816782 | I39: 7833304
A40: 22 | B40: July | E40: 1.3584576e+08 | F40: 50291725 | G40: 1.6137328e+08 | H40: 24253357 | I40: 8099351
A41: 23 | B41: August | E41: 1.3710291e+08 | F41: 50743715 | G41: 1.6218295e+08 | H41: 24354357 | I41: 8246955
A42: 24 | B42: September | E42: 1.3836036e+08 | F42: 50686923 | G42: 1.6202276e+08 | H42: 23558596 | I42: 8442168
A43: 25 | B43: October | E43: 1.3961776e+08 | F43: 51651378 | G43: 1.6359918e+08 | H43: 23792970 | I43: 8712248
A44: 26 | B44: November | E44: 1.4087843e+08 | F44: 52084739 | G44: 1.6422881e+08 | H44: 23551434 | I44: 8962477
A45: 27 | B45: December | E45: 1.4214256e+08 | F45: 51935611 | G45: 1.6393325e+08 | H45: 23667929 | I45: 9226628
A46: 28 | B46: Average of the 13 Monthly Balances | E46: =SUM(E33:E45)/13 -> 1.3494193e+08 | F46: =SUM(F33:F45)/13 -> 49945913 | G46: =SUM(G33:G45)/13 -> 1.6062355e+08 | H46: =SUM(H33:H45)/13 -> 23506344 | I46: =SUM(I33:I45)/13 -> 7847746.5
B50: Month | C50: Plant in Service ARO | D50: Accumulated Depreciation - ARO | E50: Finance Lease Asset | F50: Accum. Depreciation - Finance Lease | G50: Right of Use Asset Operating Lease | H50: Accum Amortization - Right of Use Asset | I50: Unamortized Regulatory Liability
B51: (a) | C51: (b) | D51: (c) | E51: (d) | F51: (e) | G51: (f) | H51: (g) | I51: (h)
B52: FN1 Reference for Dec | E52: (Note J) | F52: (Note J) | G52: (Note J) | H52: (Note J) | I52: (Note F)
A53: =A46+1 -> 29 | B53: December Prior Year | C53: 7196224 | D53: 2499891 | E53: 261441404 | F53: 143792772 | G53: 1151569 | H53: 475160
A54: =A53+1 -> 30 | B54: January | C54: 7196224 | D54: 2525067 | E54: 261441404 | F54: 144882111 | G54: 1151569 | H54: 484042
A55: =A54+1 -> 31 | B55: February | C55: 7196224 | D55: 2550242 | E55: 261441404 | F55: 145971450 | G55: 1151569 | H55: 492940
A56: =A55+1 -> 32 | B56: March | C56: 7196224 | D56: 2575418 | E56: 261441404 | F56: 147060789 | G56: 1160478 | H56: 501436
A57: =A56+1 -> 33 | B57: April | C57: 7196224 | D57: 2600593 | E57: 261441404 | F57: 148150128 | G57: 1160478 | H57: 510468
A58: =A57+1 -> 34 | B58: May | C58: 7196224 | D58: 2625769 | E58: 261441404 | F58: 149239467 | G58: 1160478 | H58: 519516
A59: =A58+1 -> 35 | B59: June | C59: 7196224 | D59: 2650944 | E59: 261441404 | F59: 150328807 | G59: 1160478 | H59: 528582
A60: =A59+1 -> 36 | B60: July | C60: 7196224 | D60: 2676120 | E60: 261441404 | F60: 151418146 | G60: 1160478 | H60: 537664
A61: =A60+1 -> 37 | B61: August | C61: 7196224 | D61: 2701295 | E61: 261441404 | F61: 152507485 | G61: 1160478 | H61: 552963
A62: =A61+1 -> 38 | B62: September | C62: 7196224 | D62: 2726470 | E62: 261441404 | F62: 153596824 | G62: 1086540 | H62: 485042
A63: =A62+1 -> 39 | B63: October | C63: 7196224 | D63: 2752788 | E63: 261441404 | F63: 154686163 | G63: 1086540 | H63: 491076
A64: =A63+1 -> 40 | B64: November | C64: 7196224 | D64: 2779106 | E64: 261441404 | F64: 155775503 | G64: 1086540 | H64: 497128
A65: =A64+1 -> 41 | B65: December | C65: 7196224 | D65: 2815708 | E65: 261441404 | F65: 156864842 | G65: 1086540 | H65: 500676
A66: =A65+1 -> 42 | B66: Average of the 13 Monthly Balances | C66: =SUM(C53:C65)/13 -> 7196224 | D66: =SUM(D53:D65)/13 -> 2652262.4 | E66: =SUM(E53:E65)/13 -> 261441404 | F66: =SUM(F53:F65)/13 -> 1.5032881e+08 | G66: =SUM(G53:G65)/13 -> 1135671.9 | H66: =SUM(H53:H65)/13 -> 505899.46 | I66: =SUM(I53:I65)/13 -> 0
E68: =E1 -> Worksheet A4
E69: =E2 -> Rate Base Worksheet
E70: =E3 -> Black Hills Colorado Electric, LLC | I70: Page 2 of 3
C72: Adjustments to Rate Base
A73: Line No | B73: Month | C73: Unamortized Regulatory Asset | D73: Unamortized Abandoned Plant | E73: Account No. 281 Accumulated Deferred Income Taxes | F73: Account No. 282 Accumulated Deferred Income Taxes | G73: Account No. 283 Accumulated Deferred Income Taxes | H73: Account No. 190 Accumulated Deferred Income Taxes | I73: Account No. 165 Prepayments
B74: (a) | C74: (b) | D74: (c) | E74: (d) | F74: (e) | G74: (f) | H74: (g) | I74: (h)
B75: FN1 Reference for Dec | C75: Notes A & E | D75: Note B | E75: Note D | F75: Note D | G75: Note D | H75: Note D | I75: 111.57
A76: 1 | B76: December Prior Year | C76: 0 | D76: 0 | E76: ='A3-ADIT'!D12 -> 0 | F76: ='A3-ADIT'!D13 -> -132909277 | G76: ='A3-ADIT'!D14 -> -70683636 | H76: ='A3-ADIT'!D15 -> 73130366 | I76: 1578987
A77: 2 | B77: January | C77: 0 | D77: 0 | I77: 1641558
A78: 3 | B78: February | C78: 0 | D78: 0 | I78: 1236776
A79: 4 | B79: March | C79: 0 | D79: 0 | I79: 1565893
A80: 5 | B80: April | C80: 0 | D80: 0 | I80: 1259661
A81: 6 | B81: May | C81: 0 | D81: 0 | I81: 954558
A82: 7 | B82: June | C82: 0 | D82: 0 | I82: 1154235
A83: 8 | B83: July | C83: 0 | D83: 0 | I83: 902637
A84: 9 | B84: August | C84: 0 | D84: 0 | I84: 592846
A85: 10 | B85: September | C85: 0 | D85: 0 | I85: 787161
A86: 11 | B86: October | C86: 0 | D86: 0 | I86: 1640647
A87: 12 | B87: November | C87: 0 | D87: 0 | I87: 1523384
A88: 13 | B88: December | C88: 0 | D88: 0 | E88: ='A3-ADIT'!E12 -> 0 | F88: ='A3-ADIT'!E13 -> -137999967 | G88: ='A3-ADIT'!E14 -> -61775900 | H88: ='A3-ADIT'!E15 -> 75736193 | I88: 1201186
A89: 14 | B89: Average of the 13 Monthly Balances - | C89: =SUM(C76:C88)/13 -> 0 | D89: =SUM(D76:D88)/13 -> 0 | E89: ='A3-ADIT'!F12 -> 0 | F89: ='A3-ADIT'!F13 -> -135454622 | G89: ='A3-ADIT'!F14 -> -66229768 | H89: ='A3-ADIT'!F15 -> 74433280 | I89: =SUM(I76:I88)/13 -> 1233809.9
A90: 15 | B90: (Except ADIT which is average of Beg. & End Balances)
B93: Unfunded Reserves (Note G)
A94: =+A89+1 -> 15 | B94: List of all reserves: | D94: Amount (13 Month Average Balance) | E94: Allocation (Labor Allocator W/S) | F94: Amount Allocated, col. (c) x col. (d)
A95: 16 | B95: 228202 RESERVE WORKERS' COMPENSATION | D95: -407358.77 | E95: ='Act Att-H'!G48 -> 0.13228055 | F95: =D95*E95 -> -53885.642
A96: 17 | B96: 228204 RESERVE MEDICAL | D96: -146793.38 | E96: =E95 -> 0.13228055 | F96: =D96*E96 -> -19417.91
A97: 18 | B97: 228300 BENEFITS ACCURAL RETIREE HEALTHCARE | D97: -2029798.4 | E97: =E96 -> 0.13228055 | F97: =D97*E97 -> -268502.85
A98: 19 | B98: 228302 BENEFITS ACCRUED PENSION | D98: -2844267.5 | E98: =E97 -> 0.13228055 | F98: =D98*E98 -> -376241.26
A99: 20 | B99: 242003 ACCRUED BENEFITS COMP ABSENSCES | D99: -569341.92 | E99: =E98 -> 0.13228055 | F99: =D99*E99 -> -75312.863
A100: 21 | B100: 242009 ACCRUED BENEFITS RETIREE HC CURRENT | D100: -359923.08 | E100: =E99 -> 0.13228055 | F100: =D100*E100 -> -47610.823
A101: 22 | B101: 242014 ACCRUED BONUS OTHER | D101: -615.38462 | E101: =E100 -> 0.13228055 | F101: =D101*E101 -> -81.403416
A102: 23 | B102: 242041 ACCRUED INCENTIVE | D102: -491441.85 | E102: =E101 -> 0.13228055 | F102: =D102*E102 -> -65008.198
A103: 24 | B103: 242052 ACCRUED LT PERFORMANCE PLAN | E103: =E102 -> 0.13228055 | F103: =D103*E103 -> 0
A104: 25 | C104: Total | D104: =SUM(D95:D103) -> -6849540.2 | E104: =SUM(E95:E103) -> 1.190525 | F104: =SUM(F95:F103) -> -906060.95
E105: =E1 -> Worksheet A4
E106: =E2 -> Rate Base Worksheet
E107: =E3 -> Black Hills Colorado Electric, LLC | I107: Page 3 of 3
C109: Materials & Supplies
A110: Line No | B110: Month | C110: Materials & Supplies: Transmission Plant | D110: Materials & Supplies: Stores Expense Undistributed | E110: Materials & Supplies: Construction | F110: Materials & Supplies
B111: (a) | C111: (b) | D111: (c) | E111: (d) | F111: (e)
B112: FN1 Reference for Dec | C112: 227.8.c | D112: 227.16.c | E112: 227.5.c | F112: Total (Note E)
A113: 1 | B113: December Prior Year | C113: 10628.802 | D113: 1307851 | E113: 5292099.2 | F113: =SUM(C113:E113) -> 6610579
A114: 2 | B114: January | C114: 10441.757 | D114: 1229755 | E114: 5198969.1 | F114: =SUM(C114:E114) -> 6439165.8
A115: 3 | B115: February | C115: 10548.2 | D115: 1224526 | E115: 5251967.4 | F115: =SUM(C115:E115) -> 6487041.6
...

Sheet A5-Depr
A1: Worksheet A5
A2: Depreciation Rates
A3: ='Act Att-H'!C7 -> Black Hills Colorado Electric, LLC
H4: Page 1 of 1
B6: Line
B7: No. | D7: Plant Type | H7: Rates
B8: 1
B9: =B8+1 -> 2 | D9: Transmission Plant (Note A)
B10: =B9+1 -> 3 | E10: 352 | F10: STRUCTURES AND IMPROVEMENTS | H10: 0.0143
B11: =B10+1 -> 4 | E11: 352.59 | F11: STRUCTURES AND IMPROVEMENTS - AMORTIZED | H11: 0.0117
B12: =B11+1 -> 5 | E12: 353 | F12: STATION EQUIPMENT | H12: 0.0145
B13: =B12+1 -> 6 | E13: 353.59 | F13: STATION EQUIPMENT - AMORTIZED | H13: 0.0117
B14: =B13+1 -> 7 | E14: 355 | F14: POLES AND FIXTURES | H14: 0.0208
B15: =B14+1 -> 8 | E15: 356 | F15: OVERHEAD CONDUCTORS AND DEVICES | H15: 0.0203
B16: =B15+1 -> 9 | E16: 357 | F16: UNDERGROUND CONDUIT | H16: 0.0222
B17: =B16+1 -> 10 | E17: 358 | F17: UNDERGROUND CONDUCTORS AND DEVICES | H17: 0.0217
B18: =B17+1 -> 11 | F18: TOTAL TRANSMISSION PLANT | H18: 0.0165
B19: =B18+1 -> 12
B20: =B19+1 -> 13 | D20: General Plant
B21: =B20+1 -> 14 | E21: 390.01 | F21: STRUCTURES AND IMPROVEMENTS - OWNED | H21: 0.0312
B22: =B21+1 -> 15 | E22: 391.01 | F22: OFFICE FURNITURE AND EQUIPMENT | H22: 0.0698
B23: =B22+1 -> 16 | E23: 391.03 | F23: COMPUTER HARDWARE | H23: 0.3628
B24: =B23+1 -> 17 | E24: 391.04 | F24: SOFTWARE | H24: 0.1843
B25: =B24+1 -> 18 | E25: 391.05 | F25: SYSTEM DEVELOPMENT | H25: 0.1372
B26: =B25+1 -> 19 | E26: 392 | F26: TRANSPORTATION EQUIPMENT | H26: 0.0902
B27: =B26+1 -> 20 | E27: 393 | F27: STORES EQUIPMENT | H27: 0.0609
B28: =B27+1 -> 21 | E28: 394 | F28: TOOLS, SHOP AND GARAGE EQUIPMENT | H28: 0.021
B29: =B28+1 -> 22 | E29: 395 | F29: LABORATORY EQUIPMENT | H29: 0.0126
B30: =B29+1 -> 23 | E30: 396 | F30: POWER OPERATED EQUIPMENT | H30: 0.0563
B31: =B30+1 -> 24 | E31: 397 | F31: COMMUNICATION EQUIPMENT | H31: 0.0863
B32: =B31+1 -> 25 | E32: 398 | F32: MISCELLANEOUS EQUIPMENT | H32: 0.0584
B33: =B32+1 -> 26 | F33: TOTAL GENERAL PLANT | H33: 0.0832
B34: =B33+1 -> 27
B35: =B34+1 -> 28 | D35: Intangible Plant
B36: =B35+1 -> 29 | E36: 301 | F36: ORGANIZATION | H36: 0
B37: =B36+1 -> 30 | E37: 303 | F37: MISCELLANEOUS INTANGIBLE PLANT | H37: 0
B38: =B37+1 -> 31 | F38: TOTAL INTANGIBLE PLANT | H38: 0
B39: =B38+1 -> 32
B40: =B39+1 -> 33 | D40: Black Hills Service Company Plant
B41: =B40+1 -> 34 | E41: General Plant - Electric
B42: =B41+1 -> 35 | E42: 390.01 | F42: STRUCTURES AND IMPROVEMENTS | H42: 0.0199
B43: =B42+1 -> 36 | E43: 391 | F43: OFFICE FURNITURE AND EQUIPMENT | H43: 0.1245
B44: =B43+1 -> 37 | E44: 392 | F44: TRANSPORTATION EQUIPMENT | H44: 0.0864
B45: =B44+1 -> 38 | E45: 395 | F45: LABORATORY EQUIPMENT | H45: 0.05
B46: =B45+1 -> 39 | E46: 397 | F46: TOTAL COMMUNICATION EQUIPMENT | H46: 0.0667
B47: =B46+1 -> 40 | E47: 397.1 | F47: TOTAL COMMUNICATION EQUIPMENT -TOWERS | H47: 0.04
B48: =B47+1 -> 41 | F48: TOTAL GENERAL PLANT | H48: 0.1206
B49: =B48+1 -> 42
B50: =B49+1 -> 43 | E50: General Plant - Other
B51: =B50+1 -> 44 | E51: 390.01 | F51: STRUCTURES AND IMPROVEMENTS | H51: 0.0225
B52: =B51+1 -> 45 | E52: 391 | F52: OFFICE FURNITURE AND EQUIPMENT | H52: 0.0811
B53: =B52+1 -> 46 | E53: 392 | F53: TRANSPORTATION EQUIPMENT | H53: 0.0983
B54: =B53+1 -> 47 | E54: 394 | F54: TOOLS, SHOP AND GARAGE EQUIPMENT | H54: 0.04
B55: =B54+1 -> 48 | E55: 397 | F55: TOTAL COMMUNICATION EQUIPMENT | H55: 0.0667
B56: =B55+1 -> 49 | E56: 398 | F56: MISCELLANEOUS EQUIPMENT | H56: 0.05
B57: =B56+1 -> 50 | F57: TOTAL GENERAL PLANT | H57: 0.0794
B59: Notes
B60: A | C60: The depreciation/amortization rates included in this worksheet cannot be changed by Black Hills Colorado Electric, LLC without an FPA 205 filing.
B61: B | C61: The listed Black Hills Colorado plant depreciation rates were approved in Docket ER22-2185 and the BHSC depreciation rates were approved in Docket ER19-697.

Sheet A6-Divisor
A1: Worksheet A6
A2: Actual Divisor
A3: ='Act Att-H'!C7 -> Black Hills Colorado Electric, LLC
G4: Page 1 of 1
B6: Line | C6: Month | D6: Year | E6: Transmission System Monthly Loads (kW) (Note A) | F6: Transmission System Load for Jan-Aug (kW) | G6: Percentage of Avg. Jan -Aug Load (Note B)
C7: (a) | D7: (b) | E7: (c) | F7: (d) | G7: (e)
B8: 1 | C8: January | D8: 2023 | E8: =(279+15+58)*1000 -> 352000 | F8: =E8 -> 352000
B9: 2 | C9: February | D9: =D8 -> 2023 | E9: =(282+15+58)*1000 -> 355000 | F9: =E9 -> 355000
B10: 3 | C10: March | D10: =D9 -> 2023 | E10: =(256+12+58)*1000 -> 326000 | F10: =E10 -> 326000
B11: 4 | C11: April | D11: =D10 -> 2023 | E11: =(240+10+58)*1000 -> 308000 | F11: =E11 -> 308000
B12: 5 | C12: May | D12: =D11 -> 2023 | E12: =(268+10+58)*1000 -> 336000 | F12: =E12 -> 336000
B13: 6 | C13: June | D13: =D12 -> 2023 | E13: =(361+14+58)*1000 -> 433000 | F13: =E13 -> 433000
B14: 7 | C14: July | D14: =D13 -> 2023 | E14: =(396+15+57)*1000 -> 468000 | F14: =E14 -> 468000
B15: 8 | C15: August | D15: =D14 -> 2023 | E15: =(402+15+58)*1000 -> 475000 | F15: =E15 -> 475000
B16: 9 | C16: September | D16: =D15 -> 2023 | E16: =(346+13+59)*1000 -> 418000 | G16: =E16/F22 -> 1.0953161
B17: 10 | C17: October | D17: =D16 -> 2023 | E17: =(299+11+58)*1000 -> 368000 | G17: =E17/F22 -> 0.96429741
B18: 11 | C18: November | D18: =D17 -> 2023 | E18: =(271+13+58)*1000 -> 342000 | G18: =E18/F22 -> 0.8961677
B19: 12 | C19: December | D19: =D18 -> 2023 | E19: =(278+13+58)*1000 -> 349000 | G19: =E19/F22 -> 0.91451032
B20: 13 | C20: Total | E20: =SUM(E8:E19) -> 4530000
B21: 14 | C21: Divisor | E21: =E20/12 -> 377500
B22: 15 | C22: Average | F22: =AVERAGE(F8:F19) -> 381625
B24: Notes
B25: A | C25: Source: Form 1 page 400, lines 1-15, columns e, f, g and h
B26: B | C26: Carried forward for use in Worksheet P3, Column b.

Sheet A7-IncentPlant
A1: Worksheet A7
A2: Incentive Plant Worksheet
A3: ='Act Att-H'!C7 -> Black Hills Colorado Electric, LLC
O4: Page 1 of 1
A6: Line | H6: Incentive Projects | I6: Note C
A7: 1 | H7: Project: | I7: Project 1 | L7: Project: | M7: Project 2
A8: =A7+1 -> 2 | H8: Proj. ID | I8: n/a | L8: Proj. ID | M8: n/a
A9: =A8+1 -> 3 | H9: Deprec. Rate: | I9: 0 | J9: (Note A) | L9: Deprec. Rate: | M9: 0 | N9: (Note A)
A10: =A9+1 -> 4 | H10: ROE Adder | I10: 0 | J10: (Note B) | L10: ROE Adder | M10: 0 | N10: (Note B)
A11: =A10+1 -> 5 | H11: Weighted ROE Adder: | I11: =I10*'Act Att-H'!E204 -> 0 | L11: Weighted ROE Adder: | M11: =M10*'Act Att-H'!E204 -> 0
A12: =A11+1 -> 6 | H12: Beginning Year: | L12: Beginning Year:
A13: =A12+1 -> 7
A14: =A13+1 -> 8 | C14: Total
K15: Note D | O15: Note D
B16: Year | C16: Beginning Amt | D16: Depreciation | E16: Net Plant | F16: Incentive Ret | H16: Beginning Amt | I16: Accumulated Depreciation | J16: Net Plant | K16: Incentive Ret (Net Plant * Weighted ROE Adder) | L16: Beginning Amt | M16: Accumulated Depreciation | N16: Net Plant
B17: (a) | C17: (b) | D17: (c) | E17: (d) | F17: (e) | H17: (f) | I17: (g) | J17: (h) | K17: (i) | L17: (j) | M17: (k) | N17: (l) | O17: (m)
A19: =A14+1 -> 9 | B19: yyyy | C19: =+H19+L19 -> 0 | D19: =+I19+M19 -> 0 | E19: =+J19+N19 -> 0 | F19: =+K19+O19 -> 0 | H19: 0 | I19: 0 | J19: =+H19-I19 -> 0 | K19: =ROUND(J19*I$11,2) -> 0 | L19: 0 | M19: 0 | N19: =+L19-M19 -> 0 | O19: =ROUND(N19*M$11,2) -> 0
A20: =A19+1 -> 10 | B20: yyyy | C20: =+H20+L20 -> 0 | D20: =+I20+M20 -> 0 | E20: =+J20+N20 -> 0 | F20: =+K20+O20 -> 0 | H20: 0 | I20: =(H20*$I$9)+I19 -> 0 | J20: =+H20-I20 -> 0 | K20: =ROUND(J20*I$11,2) -> 0 | L20: 0 | M20: =(L20*$M$9)+M19 -> 0 | N20: =+L20-M20 -> 0 | O20: =ROUND(N20*M$11,2) -> 0
A21: =A20+1 -> 11 | B21: yyyy | C21: =+H21+L21 -> 0 | D21: =+I21+M21 -> 0 | E21: =+J21+N21 -> 0 | F21: =+K21+O21 -> 0 | H21: 0 | I21: =(H21*$I$9)+I20 -> 0 | J21: =+H21-I21 -> 0 | K21: =ROUND(J21*I$11,2) -> 0 | L21: 0 | M21: =(L21*$M$9)+M20 -> 0 | N21: =+L21-M21 -> 0 | O21: =ROUND(N21*M$11,2) -> 0
A22: =A21+1 -> 12 | B22: yyyy | C22: =+H22+L22 -> 0 | D22: =+I22+M22 -> 0 | E22: =+J22+N22 -> 0 | F22: =+K22+O22 -> 0 | H22: 0 | I22: =(H22*$I$9)+I21 -> 0 | J22: =+H22-I22 -> 0 | K22: =ROUND(J22*I$11,2) -> 0 | L22: 0 | M22: =(L22*$M$9)+M21 -> 0 | N22: =+L22-M22 -> 0 | O22: =ROUND(N22*M$11,2) -> 0
A23: =A22+1 -> 13 | B23: yyyy | C23: =+H23+L23 -> 0 | D23: =+I23+M23 -> 0 | E23: =+J23+N23 -> 0 | F23: =+K23+O23 -> 0 | H23: 0 | I23: =(H23*$I$9)+I22 -> 0 | J23: =+H23-I23 -> 0 | K23: =ROUND(J23*I$11,2) -> 0 | L23: 0 | M23: =(L23*$M$9)+M22 -> 0 | N23: =+L23-M23 -> 0 | O23: =ROUND(N23*M$11,2) -> 0
A24: =A23+1 -> 14 | B24: yyyy | C24: =+H24+L24 -> 0 | D24: =+I24+M24 -> 0 | E24: =+J24+N24 -> 0 | F24: =+K24+O24 -> 0 | H24: 0 | I24: =(H24*$I$9)+I23 -> 0 | J24: =+H24-I24 -> 0 | K24: =ROUND(J24*I$11,2) -> 0 | L24: 0 | M24: =(L24*$M$9)+M23 -> 0 | N24: =+L24-M24 -> 0 | O24: =ROUND(N24*M$11,2) -> 0
A25: =A24+1 -> 15 | B25: yyyy | C25: =+H25+L25 -> 0 | D25: =+I25+M25 -> 0 | E25: =+J25+N25 -> 0 | F25: =+K25+O25 -> 0 | H25: 0 | I25: =(H25*$I$9)+I24 -> 0 | J25: =+H25-I25 -> 0 | K25: =ROUND(J25*I$11,2) -> 0 | L25: 0 | M25: =(L25*$M$9)+M24 -> 0 | N25: =+L25-M25 -> 0 | O25: =ROUND(N25*M$11,2) -> 0
A26: =A25+1 -> 16 | B26: yyyy | C26: =+H26+L26 -> 0 | D26: =+I26+M26 -> 0 | E26: =+J26+N26 -> 0 | F26: =+K26+O26 -> 0 | H26: 0 | I26: =(H26*$I$9)+I25 -> 0 | J26: =+H26-I26 -> 0 | K26: =ROUND(J26*I$11,2) -> 0 | L26: 0 | M26: =(L26*$M$9)+M25 -> 0 | N26: =+L26-M26 -> 0 | O26: =ROUND(N26*M$11,2) -> 0
A27: =A26+1 -> 17 | B27: yyyy | C27: =+H27+L27 -> 0 | D27: =+I27+M27 -> 0 | E27: =+J27+N27 -> 0 | F27: =+K27+O27 -> 0 | H27: 0 | I27: =(H27*$I$9)+I26 -> 0 | J27: =+H27-I27 -> 0 | K27: =ROUND(J27*I$11,2) -> 0 | L27: 0 | M27: =(L27*$M$9)+M26 -> 0 | N27: =+L27-M27 -> 0 | O27: =ROUND(N27*M$11,2) -> 0
A28: =A27+1 -> 18 | B28: yyyy | C28: =+H28+L28 -> 0 | D28: =+I28+M28 -> 0 | E28: =+J28+N28 -> 0 | F28: =+K28+O28 -> 0 | H28: 0 | I28: =(H28*$I$9)+I27 -> 0 | J28: =+H28-I28 -> 0 | K28: =ROUND(J28*I$11,2) -> 0 | L28: 0 | M28: =(L28*$M$9)+M27 -> 0 | N28: =+L28-M28 -> 0 | O28: =ROUND(N28*M$11,2) -> 0
A29: =A28+1 -> 19 | B29: yyyy | C29: =+H29+L29 -> 0 | D29: =+I29+M29 -> 0 | E29: =+J29+N29 -> 0 | F29: =+K29+O29 -> 0 | H29: 0 | I29: =(H29*$I$9)+I28 -> 0 | J29: =+H29-I29 -> 0 | K29: =ROUND(J29*I$11,2) -> 0 | L29: 0 | M29: =(L29*$M$9)+M28 -> 0 | N29: =+L29-M29 -> 0 | O29: =ROUND(N29*M$11,2) -> 0
A30: =A29+1 -> 20 | B30: yyyy | C30: =+H30+L30 -> 0 | D30: =+I30+M30 -> 0 | E30: =+J30+N30 -> 0 | F30: =+K30+O30 -> 0 | H30: 0 | I30: =(H30*$I$9)+I29 -> 0 | J30: =+H30-I30 -> 0 | K30: =ROUND(J30*I$11,2) -> 0 | L30: 0 | M30: =(L30*$M$9)+M29 -> 0 | N30: =+L30-M30 -> 0 | O30: =ROUND(N30*M$11,2) -> 0
A31: =A30+1 -> 21 | B31: yyyy | C31: =+H31+L31 -> 0 | D31: =+I31+M31 -> 0 | E31: =+J31+N31 -> 0 | F31: =+K31+O31 -> 0 | H31: 0 | I31: =(H31*$I$9)+I30 -> 0 | J31: =+H31-I31 -> 0 | K31: =ROUND(J31*I$11,2) -> 0 | L31: 0 | M31: =(L31*$M$9)+M30 -> 0 | N31: =+L31-M31 -> 0 | O31: =ROUND(N31*M$11,2) -> 0
... A42: =A41+1 -> 32 | B42: yyyy | C42: =+H42+L42 -> 0 | D42: =+I42+M42 -> 0 | E42: =+J42+N42 -> 0 | F42: =+K42+O42 -> 0 | H42: 0 | I42: =(H42*$I$9)+I41 -> 0 | J42: =+H42-I42 -> 0 | K42: =ROUND(J42*I$11,2) -> 0 | L42: 0 | M42: =(L42*$M$9)+M41 -> 0 | N42: =+L42-M42 -> 0 | O42: =ROUND(N42*M$11,2) -> 0
A44: Notes
A45: A | B45: Special depreciation rates may be utilized for specific incentive transmission projects if approved by the FERC.
A46: B | B46: Incentive ROE requires authorization by the Commission
A47: C | B47: Applies only to projects authorized by the Commission. The source of the information is the Company Records. To the extent applicable, Black Hills Colorado will include initial input values and workpapers tied to Company Records in any Commission filing.
A48: D | B48: The Accumulated Depreciation for Year 1 will reflect the prorated amount of depreciation for the months that the project is in service.

Sheet A8-Prepmts
A1: Worksheet A8
A2: Prepayments
A3: ='Act Att-H'!C7 -> Black Hills Colorado Electric, LLC
H4: Page 1 of 1
B6: Line | C6: Prepaid Item | D6: Description | E6: 13 Month Average Balance (Note B) | F6: Allocator | G6: Allocation Factor | H6: Allocated Amount
C7: (a) | D7: (b) | E7: (c) | F7: (d) | G7: (e) | H7: (f)
B8: 1 | C8: Direct Assigned Prepaids | D8: Prepaid Items (directly assigned to Transmission) | E8: 0 | F8: DA | G8: ='Act Att-H'!$G$116 -> 1 | H8: =G8*E8 -> 0
B9: 2 | C9: Transmission Plant-Related Prepaid Items | D9: Prepaid Items (allocated by Transmission Plant) | E9: 184710.95 | F9: TP | G9: ='Act Att-H'!$I$175 -> 0.92887971 | H9: =G9*E9 -> 171574.25
B10: 3 | C10: Transmission Expense-Related Prepaid Items | D10: Prepaid Items (allocated by Transmission Expense) | E10: 0 | F10: TE | G10: ='Act Att-H'!$I$184 -> 0.92887971 | H10: =G10*E10 -> 0
B11: 4 | C11: Other Plant-Related Prepaid Items | D11: Prepaid Items (allocated by Other Plant Allocator) | E11: 0 | F11: OE | G11: ='Act Att-H'!$K$196 -> 0.12947946 | H11: =G11*E11 -> 0
B12: 5 | C12: Wage & Salary-Related Prepaid Items | D12: Prepaid Items (allocated by Wages & Salaries) | E12: 392069.72 | F12: W/S | G12: ='Act Att-H'!$I$192 -> 0.13228055 | H12: =G12*E12 -> 51863.198
B13: 6 | C13: General Plant-Related Prepaid Items | D13: Leases and Prepaid Items (allocated by Gross Plant Allocator) | E13: 0 | F13: GP | G13: ='Act Att-H'!$G$50 -> 0.23929098 | H13: =G13*E13 -> 0
B14: 7 | C14: Net Plant-Related Prepaid Items | D14: Prepaid Items (allocated by Net Plant Allocator) | E14: 0 | F14: NP | G14: ='Act Att-H'!$G$66 -> 0.28588581 | H14: =G14*E14 -> 0
B15: 8 | C15: Prepaid Items Not Allocated | D15: Prepaid Items Not Allocated (including but not limited to Insurance for Generation assets, Prepaid Generation maintenance, Land Easements and Leases for Generation and Distribution, and Income Taxes) | E15: 657028.27 | F15: NA | G15: 0 | H15: =G15*E15 -> 0
B16: 9 | C16: Total | D16: (Note A) | E16: =SUM(E8:E15) -> 1233808.9 | H16: =SUM(H8:H15) -> 223437.45
B17: 10 | C17: Total from A4-Rate Base | E17: ='A4-Rate Base'!I89 -> 1233809.9
B18: 11 | C18: Variance | E18: =E17-E16 -> 0.98307692
B21: Notes
B22: A | C22: To Actual Attachment H, page 2, line 30
B23: B | C23: The total of the 13 month average of the individual items will match the 13 month average calculated on A4-Rate Base, page 2 line 14 column (h). The variance between A8 and A4 will be $0.

Sheet TU-TrueUp
A1: Worksheet TU
A2: True-Up Adjustment
A3: ='Act Att-H'!C7 -> Black Hills Colorado Electric, LLC
H4: Page 1 of 1
A5: Timeline
A6: Step | B6: Month | C6: Year | D6: Action
A7: 1 | B7: Oct | C7: Year 0 | D7: Company populates the formula rate using projected costs for Year 1
A8: =A7+1 -> 2 | B8: Oct | C8: Year 0 | D8: Post results of Step 1
A9: =A8+1 -> 3 | B9: Jan | C9: Year 1 | D9: Results of Step 2 go into effect.
A10: =A9+1 -> 4 | B10: =+B7 -> Oct | C10: Year 1 | D10: Company populates the formula rate using projected costs for Year 2
A11: =A10+1 -> 5 | B11: Oct | C11: =C10 -> Year 1 | D11: Post results of Step 4
A12: =A11+1 -> 6 | B12: Jan | C12: Year 2 | D12: Results of Step 5 go into effect.
A13: =A12+1 -> 7 | B13: Jun | C13: Year 2 | D13: Company populates the formula rate using actual costs for Year 1
A14: =A13+1 -> 8 | B14: Jun | C14: Year 2 | D14: Calculate the difference between the formula rate calculated in Step 7 and Step 1
A15: =A14+1 -> 9 | B15: Jun | C15: Year 2 | D15: Post results from Step 7 and Step 8
A16: =A15+1 -> 10 | B16: Oct | C16: Year 2 | D16: Company populates the formula rate using projected costs for Year 3
A17: =A16+1 -> 11 | B17: Oct | C17: Year 2 | D17: Post results of Step 10
B19: Rev Req Comparison
A20: =A17+1 -> 12 | H20: Total Rev. Req.
A21: =A20+1 -> 13 | C21: Actual Revenue Requirements from Step 7 | H21: 30070798
A22: =A21+1 -> 14 | C22: Originally Projected Revenue Requirements from Step 1 (Note E) | H22: 31707378
A23: =A22+1 -> 15 | C23: True-up Amount (before Volume Revenue Adjustment & interest) | F23: (line 13 - line 14) | H23: =+H21-H22 -> -1636580.6
B25: Volume Comparison
A26: =A23+1 -> 16 | H26: Total Rev. Req.
A27: =A26+1 -> 17 | C27: Divisor for Actual Rate Year from Step 7 | H27: 391833.33 | I27: kW
A28: =A27+1 -> 18 | C28: Divisor for Originally Projected Rate Year from Step 1 | H28: 406586.14 | I28: kW
A29: =A28+1 -> 19 | C29: Difference in Volume | F29: (line 18 - line 17) | H29: =H28-H27 -> 14752.81 | I29: kW
A30: =A29+1 -> 20
A31: =A30+1 -> 21 | C31: Originally Projected Rev Req Rate | F31: (line 14 / line 18) | H31: =IF(H28=0,0,ROUND(H22/H28,6)) -> 77.984404 | I31: $/kW
A32: =A31+1 -> 22 | C32: Volume Revenue Adjustment | F32: (line 19 x line 21) | H32: =H29*H31 -> 1150489.1
A33: =A32+1 -> 23
B34: Prior Period Adjustment
A35: 23a | C35: Prior Period Adjustment (Note F) | H35: 0
A37: =A33+1 -> 24 | B37: True-up Amount including Volume Revenue Adjustment (before interest) | F37: (line 15+22+23a) | H37: =H23+H32+H35 -> -486091.55
A40: Notes:
A41: A | B41: Reserved for future use; will not be populated absent approval by FERC.
A42: B | B42: Reserved for future use; will not be populated absent approval by FERC.
A43: C | B43: Reserved for future use; will not be populated absent approval by FERC.
A44: D | B44: Reserved for future use; will not be populated absent approval by FERC.
A45: E | B45: Enter the Projected Revenue Requirement for the Actual period.
A46: F | B46: Prior Period Adjustment, if any, is calculated to the same timing basis as balance of true up. Work-papers for the Prior Period Adjustment calculation will be included in supporting documentation. Black Hills Colorado Electric, LLC will only use the Prior Period Adjustment in the following circumstances and only if the error discovered would have impacted Black Hills Colorado’s calculation of the True-Up Amount in a prior Rate Year: (1) Black Hills Colorado Electric, LLC discovers a error in a previously filed FERC Form 1 (filed outside the current Rate Year), (2) Black Hills Colorado Electric, LLC discovers an error in books and records actually used to populate an input in the formula rate and the discovery is outside the current Rate Year, or (3) Black Hills Colorado Electric, LLC is required by applicable law, a court, or regulatory body to correct an error outside the current Rate Year. If an error falls within one of these three categories and negatively impacted customers in Black Hills Colorado Electric, LLC’s calculation of a prior Rate Year’s True-Up Amount, Black Hills Colorado Electric, LLC will re-calculate the True-Up Amount for affected years.

Sheet Proj Att-H
I1: Projected Attachment H
J2: Page 1
B4: Formula Rate - Non-Levelized | C4: Rate Formula Template | K4: Estimated - For the 12 months ended 12/31/2023
C5: Utilizing FERC Form 1 Data
C7: Black Hills Colorado Electric, LLC
A8: Line | I8: Allocated
A9: No. | I9: Amount
A10: 1 | B10: GROSS REVENUE REQUIREMENT (page 3, line 29) | I10: ='Proj Att-H'!I151 -> 39791366
B12: REVENUE CREDITS | D12: Total | F12: Allocator
A13: 2 | B13: Account No. 454 | C13: Act Att-H, page 1 line 2 | D13: ='Act Att-H'!D13 -> 661.59457 | F13: DA | G13: 1 | I13: =+G13*D13 -> 661.59457
A14: 3 | B14: Account No. 456.1 | C14: Act Att-H, page 1 line 3 | D14: ='Act Att-H'!D14 -> 908954 | F14: DA | G14: 1 | I14: =+G14*D14 -> 908954
A15: 4 | B15: Held for Future Use
A16: 5 | B16: Held for Future Use
A17: 6 | B17: TOTAL REVENUE CREDITS (sum lines 2-5) | I17: =SUM(I13:I16) -> 909615.59
A19: 7 | B19: NET REVENUE REQUIREMENT | C19: (line 1 minus line 6) | I19: =I10-I17 -> 38881750
B21: DIVISOR
A22: 8 | B22: Divisor (kW) | C22: Worksheet P3, Line 15 | I22: ='P3-Divisor'!G24 -> 409525.06
A23: 9
A24: 10 | B24: RATES
A25: 11 | B25: Annual | D25: =ROUND(I19/I22,2) -> 94.94 | E25: /kW-year
A26: 12 | B26: Monthly | C26: 12 months/year | D26: =ROUND(D25/12,2) -> 7.91 | E26: /kW-month
A27: 13 | B27: Weekly | C27: 52 weeks/year | D27: =ROUND(D25/52,2) -> 1.83 | E27: /kW-week
A28: 14 | B28: Daily On-Peak | C28: 6 days/week | D28: =+D27/6 -> 0.305 | E28: /kW-day
A29: 15 | B29: Daily Off-Peak | C29: 7 days/week | D29: =+D27/7 -> 0.26142857 | E29: /kW-day
A30: 16 | B30: Hourly On-Peak | C30: 16 hours/day | D30: =+D28/16*1000 -> 19.0625 | E30: /MW-hour
A31: 17 | B31: Hourly Off-Peak | C31: 24 hours/day | D31: =+D29/24*1000 -> 10.892857 | E31: /MW-hour
I32: =I1 -> Projected Attachment H
J33: Page 2
B35: Formula Rate - Non-Levelized | C35: Rate Formula Template | K35: =K4 -> Estimated - For the 12 months ended 12/31/2023
C36: Utilizing FERC Form 1 Data
C38: =C7 -> Black Hills Colorado Electric, LLC
B40: (1) | C40: (2) | D40: (3) | G40: (4) | I40: (5)
C41: Form No. 1 | I41: Transmission
A42: Line | C42: Page, Line, Col. | D42: Company Total | F42: Allocator | I42: (Col 3 times Col 4)
A43: No. | B43: RATE BASE:
B44: GROSS PLANT IN SERVICE
A45: 1 | B45: Transmission | C45: Worksheet P1, Line 29, Column (f) | D45: ='P1-Trans Plant'!H44 -> 3.8314551e+08 | F45: TP | G45: =$I$170 -> 0.92887971 | I45: =+G45*D45 -> 3.5589609e+08
A46: 2 | B46: General & Intangible | C46: Worksheet A4, Page 1, Line 13, Column (e) | D46: ='A4-Rate Base'!F22 -> 45655275 | F46: W/S | G46: =$I$187 -> 0.13228055 | I46: =+G46*D46 -> 6039304.9
A47: 2a | B47: Other | C47: Worksheet A4, Page 1, Line 13, Column (f) | D47: ='A4-Rate Base'!G22 -> 26045763 | F47: OE | G47: =$K$191 -> 0.12947946 | I47: =+G47*D47 -> 3372391.4
A48: 3 | B48: TOTAL GROSS PLANT | C48: (Sum Lines 1 and 2 and 2a) | D48: =SUM(D45:D47) -> 4.5484655e+08 | F48: GP | G48: =$G$222 -> 0.27972226 | I48: =SUM(I45:I47) -> 3.6530778e+08
B50: ACCUMULATED DEPRECIATION
A51: 4 | B51: =+B45 -> Transmission | C51: Worksheet P1, Line 29, Column (h) | D51: ='P1-Trans Plant'!J44 -> 61052958 | F51: =+F45 -> TP | G51: =$I$170 -> 0.92887971 | I51: =+G51*D51 -> 56710853
A52: 5 | B52: =+B46 -> General & Intangible | C52: Worksheet A4, Page 1, Line 27, Column (g) | D52: ='A4-Rate Base'!H45 -> 23667929 | F52: =+F46 -> W/S | G52: =$I$187 -> 0.13228055 | I52: =+G52*D52 -> 3130806.7
A53: 5a | B53: Other | C53: Worksheet A4, Page 1, Line 27, Column (h) | D53: ='A4-Rate Base'!I45 -> 9226628 | F53: OE | G53: =$K$191 -> 0.12947946 | I53: =+G53*D53 -> 1194658.9
A54: 6 | B54: TOTAL ACCUM. DEPRECIATION | C54: (Sum Lines 4 and 5 and 5a) | D54: =SUM(D51:D53) -> 93947515 | I54: =SUM(I51:I53) -> 61036319
B56: NET PLANT IN SERVICE
A57: 7 | B57: =+B51 -> Transmission | C57: (Line 1 - Line 4) | D57: =D45-D51 -> 3.2209255e+08 | I57: =I45-I51 -> 2.9918523e+08
A58: 8 | B58: =+B52 -> General & Intangible | C58: (Line 2 - Line 5) | D58: =D46-D52 -> 21987346 | I58: =I46-I52 -> 2908498.2
A59: 8a | B59: Other | C59: (Line 2a - Line 5a) | D59: =D47-D53 -> 16819135 | I59: =I47-I53 -> 2177732.6
A60: 9 | B60: TOTAL NET PLANT | C60: (Sum Lines 7 and 8 and 8a) | D60: =SUM(D57:D59) -> 3.6089903e+08 | F60: NP= | G60: =$G$230 -> 0.331751 | I60: =SUM(I57:I59) -> 3.0427147e+08
A62: 10 | B62: CWIP Approved by FERC Order | C62: Worksheet A4, Page 1, Line 14, Column (g) (Note B) | D62: ='A4-Rate Base'!H23 -> 0 | I62: =+G62*D62 -> 0
B64: ADJUSTMENTS TO RATE BASE
A65: 11 | B65: Account No. 281 | C65: Worksheet P5, Page 2, Line 55, Column H | D65: ='P5-ADIT'!J72 -> 0 | F65: GP | G65: =$G$222 -> 0.27972226 | I65: =D65*G65 -> 0
A66: 12 | B66: Account No. 282 (Transmission only) | C66: Worksheet P5, Page 3, Line 82, Column H | D66: ='P5-ADIT'!J106 -> -38980901 | F66: TP | G66: =$I$170 -> 0.92887971 | I66: =D66*G66 -> -36208568
A67: 13 | B67: Account No. 283 | C67: Worksheet P5, Page 4, Line 109, Column H | D67: ='P5-ADIT'!J140 -> -66229768 | F67: GP | G67: =$G$222 -> 0.27972226 | I67: =D67*G67 -> -18525941
A68: 14 | B68: Account No. 190 | C68: Worksheet P5, Page 1, Line 21, Column H | D68: ='P5-ADIT'!J28 -> 73564969 | F68: GP | G68: =$G$222 -> 0.27972226 | I68: =D68*G68 -> 20577760
A69: 14a | B69: Account No. 190 for Tax Gross Up Offset on Excess Deferred Income Taxes | C69: Worksheet P5, Page 1, Line 28, Column H | D69: ='P5-ADIT'!J35 -> 461176.89 | I69: =D69 -> 461176.89
A70: 15 | B70: Account No. 255 (enter zero) | D70: 0 | I70: =D70*G70 -> 0
A71: 16 | B71: Unamortized Regulatory Asset | C71: Worksheet A4, Page 2, Line 14, Column (b) (Note B) | D71: ='A4-Rate Base'!C89 -> 0 | I71: =D71*G71 -> 0
A72: 16a | B72: Unamortized Regulatory Liability | C72: Worksheet A4, Page 1, Line 42, Column (e) (Note B) | D72: ='A4-Rate Base'!I66 -> 0 | I72: =D72*G72 -> 0
A73: 17 | B73: Unamortized Abandoned Plant | C73: Worksheet A4, Page 2, Line 14, Column (c) (Note B) | D73: ='A4-Rate Base'!D89 -> 0 | I73: =D73*G73 -> 0
A74: 18 | B74: Unfunded Reserves (enter negative) | C74: Actual Attachment H, Page 2, Line 23c | D74: ='Act Att-H'!D79 -> -906060.95 | I74: =D74 -> -906060.95
A75: 19 | B75: FAS 109 Adjustment | C75: Actual Attachment H, Page 2, Line 24 | D75: ='Act Att-H'!D80 -> 7178090.1 | F75: GP | G75: =$G$222 -> 0.27972226 | I75: =D75*G75 -> 2007871.6
A76: 20 | B76: Net Excess/Deficient Deferred Income Taxes (Note C) Transmission only | C76: Worksheet P5, Page 5, Line 137, Column H | D76: ='P5-ADIT'!J175 -> -8472551.1 | I76: =D76 -> -8472551.1
A77: 21 | B77: TOTAL ADJUSTMENTS | C77: (Sum of Lines 11 - 21) | D77: =SUM(D65:D76) -> -33385045 | I77: =SUM(I65:I76) -> -41066312
A79: 22 | B79: LAND HELD FOR FUTURE USE | C79: Worksheet A4, Page 1, Line 13, Col. (h) | D79: ='A4-Rate Base'!I22 -> 0 | F79: =+F51 -> TP | G79: =$I$170 -> 0.92887971 | I79: =+G79*D79 -> 0
B81: WORKING CAPITAL
A82: 23 | B82: CWC | C82: 1/8*(Page 3, Line 8) | D82: =D112/8 -> 4617414 | I82: =I112/8 -> 975065.88
A83: 24 | B83: Materials & Supplies | C83: Worksheet A4, Page 3, Line 17, Col. (e) | D83: ='A4-Rate Base'!F129 -> 172152.01 | I83: =D83 -> 172152.01
A84: 25 | B84: Prepayments (Account 165) | C84: Worksheet A8, Page 1, Line 9, Col. (f) | D84: ='A8-Prepmts'!H16 -> 223437.45 | I84: =D84 -> 223437.45
A85: 26 | B85: TOTAL WORKING CAPITAL | D85: =D82+D83+D84 -> 5013003.5 | I85: =I82+I83+I84 -> 1370655.3
A87: 27 | B87: RATE BASE | C87: (Sum of Lines 9, 21, 22, 26.) | D87: =+D85+D79+D77+D60 -> 3.3252699e+08 | I87: =+I85+I79+I77+I60 -> 2.6457581e+08
I89: =I1 -> Projected Attachment H
J90: Page 3
B92: Formula Rate - Non-Levelized | C92: Rate Formula Template | K92: =K4 -> Estimated - For the 12 months ended 12/31/2023
C93: Utilizing FERC Form 1 Data
C95: =C7 -> Black Hills Colorado Electric, LLC
B97: (1) | C97: (2) | D97: (3) | G97: (4) | I97: (5)
A98: Line | C98: Form No. 1 | I98: Transmission
A99: No. | C99: Page, Line, Col. | D99: Company Total | F99: Allocator | I99: (Col 3 times Col 4)
B100: O&M
A101: 1 | B101: Transmission | C101: Worksheet P2, Column 5, Line 3 | D101: ='P2-Exp. & Rev. Credits'!F16 -> 5744083.4 | F101: TE | G101: =$I$179 -> 0.92887971 | I101: =+G101*D101 -> 5335562.5
A102: 2 | B102: Less Account 561 | C102: Worksheet P2, Column 5, Line 4 | D102: ='P2-Exp. & Rev. Credits'!F17 -> 1031195.6 | F102: TE | G102: =$I$179 -> 0.92887971 | I102: =+G102*D102 -> 957856.7
A103: 2a | B103: Less Account 565 | C103: Worksheet P2, Column 5, Line 5 | D103: ='P2-Exp. & Rev. Credits'!F18 -> 1164618.2 | F103: TE | G103: =$I$179 -> 0.92887971 | I103: =+G103*D103 -> 1081790.2
A104: 3 | B104: A&G | C104: Worksheet P2, Column 5, Line 6 | D104: ='P2-Exp. & Rev. Credits'!F19 -> 34875940 | F104: W/S | G104: =$I$187 -> 0.13228055 | I104: =+G104*D104 -> 4613408.5
A105: 4 | B105: Adjustments to A&G
A106: 5 | B106: Less EPRI & Reg. Comm. Exp. & Non-safety Ad | C106: Worksheet P2, Column 5, Line 8 | D106: ='P2-Exp. & Rev. Credits'!F21 -> 1783666.4 | F106: W/S | G106: =$I$187 -> 0.13228055 | I106: =+G106*D106 -> 235944.37
A107: 5a | B107: Plus Transmission Related Reg. Comm. Exp. | C107: Worksheet P2, Column 5, Line 9 | D107: ='P2-Exp. & Rev. Credits'!F22 -> 110000 | F107: =+F101 -> TE | G107: =$I$179 -> 0.92887971 | I107: =+G107*D107 -> 102176.77
A108: 5b | B108: Plus: PBOP Actual Cash Outlay | C108: Worksheet P2, Column 5, Line 10 | D108: ='P2-Exp. & Rev. Credits'!F23 -> 556648.07 | F108: W/S | G108: =$I$187 -> 0.13228055 | I108: =+G108*D108 -> 73633.713
A109: 5c | B109: Less: PBOP Net Periodic Expense | C109: Worksheet P2, Column 5, Line 11 | D109: ='P2-Exp. & Rev. Credits'!F24 -> 367879.03 | F109: =+F108 -> W/S | G109: =$I$187 -> 0.13228055 | I109: =+G109*D109 -> 48663.24
A110: 6 | B110: Other | C110: Worksheet P2, Column 5, Line 12 | D110: ='P2-Exp. & Rev. Credits'!F25 -> 0 | F110: OE | G110: =K191 -> 0.12947946 | I110: =+G110*D110 -> 0
A111: 7 | B111: Transmission Lease Payments | C111: Worksheet P2, Column 5, Line 13 | D111: ='P2-Exp. & Rev. Credits'!F26 -> 0 | F111: DA | G111: 1 | I111: =+G111*D111 -> 0
A112: 8 | B112: TOTAL O&M | C112: (Sum lines 1, 3, 5a, 5b, 6, 7 less lines 2, 2a, 5, 5c) | D112: =D101+D104+D107+D108+D110+D111-D102-D103-D106-D109 -> 36939312 | I112: =+I101-I102-I103+I104-I106+I110+I111+I107+I108-I109 -> 7800527
B114: DEPRECIATION AND AMORTIZATION EXPENSE
A115: 9 | B115: =+B101 -> Transmission | C115: Worksheet P1, Line 28, Column (c) | D115: ='P1-Trans Plant'!E43 -> 6716131.4 | F115: TP | G115: =$I$170 -> 0.92887971 | I115: =+G115*D115 -> 6238478.1
A116: 10 | B116: General & Intangible | C116: Actual Attachment H, Page 3, Line 10 | D116: ='Act Att-H'!D121 -> 4725214 | F116: W/S | G116: =+G104 -> 0.13228055 | I116: =+G116*D116 -> 625053.91
A117: 11 | B117: =+B110 -> Other | C117: Actual Attachment H, Page 3, Line 11 | D117: ='Act Att-H'!D122 -> 0 | F117: OE | G117: =+G110 -> 0.12947946 | I117: =+G117*D117 -> 0
A118: 11a | B118: Amortization of Abandoned Plant | C118: Actual Attachment H, Page 3, Line 11a (Note B) | D118: ='Act Att-H'!D123 -> 0 | I118: =+G118*D118 -> 0
A119: 12 | B119: TOTAL DEPRECIATION | C119: (Sum of Lines 9 through 11a) | D119: =SUM(D115:D118) -> 11441345 | I119: =SUM(I115:I118) -> 6863532.1
B121: TAXES OTHER THAN INCOME TAXES
...

Sheet P1-Trans Plant
B1: Worksheet P1 | AK1: Page 60 of 68
B2: Projected Transmission Plant
B3: ='Act Att-H'!C7 -> Black Hills Colorado Electric, LLC
J4: Page 1 of 4 | Q4: Page 2 of 4 | V4: Page 3 of 4 | AA4: Page 4 of 4 | AL4: Page 3 of 4
B7: Total Projected Plant | G7: Projected Plant | S7: Rate Year -1 | W7: Rate Year
B8: (a) | D8: (b) | E8: (c ) | F8: (d) | G8: (e ) | H8: (f) | I8: (g) | J8: (h) | K8: (i) | L8: (j) | M8: (k) | N8: (l) | O8: (m) | P8: (n) | Q8: (o) | R8: (p) | S8: (q) | T8: (r ) | U8: (s) | V8: (t) | W8: (u) | X8: (v) | Y8: (w) | Z8: (x) | AA8: (y)
I9: Plant | J9: Plant | L9: Tax Depreciation | P9: Tax Depreciation on Plant
B10: Month | G10: Projected | I10: Depreciation | J10: Accumulated | K10: Incremental | L10: Rate | N10: Depreciation on Additions | P10: Balances as of Ending Rate Year -2 | R10: Tax Deprec | S10: Book | T10: Timing | W10: Tax Deprec | X10: Book | Y10: Timing
A11: # | B11: & Year | D11: Gross Plant | E11: Depreciation | F11: Accum. Dep. | G11: Plant Additions | H11: Plant in Service | I11: Accrual (Note A) | J11: Depreciation | K11: Additions | L11: Rate Year -1 | M11: Rate Year | N11: Rate Year -1 | O11: Rate Year | P11: Rate Year -1 | Q11: Rate Year | R11: Average | S11: Depreciation | T11: Difference | U11: Tax Rate | V11: ADIT | W11: Average | X11: Depreciation | Y11: Difference | Z11: Tax Rate | AA11: ADIT
A12: 1 | H12: Line 3 Col (f) + Col (e ) | I12: =IF('Act Att-H'!D46=0,0,ROUND('Act Att-H'!D120/'Act Att-H'!D46,6)/12) -> 0.0014625 | J12: Line 3 Col (h) + Col (g) | N12: (i) x (j) | O12: (i) x (k) | P12: 19294636 | Q12: 18234476 | R12: Pg 2 Line 27a Col (l) / 12 + (n) | S12: (c ) | T12: (q) - (p) | U12: Proj Att H pg 3, line 21, Col 3 | V12: (r ) x (s) | W12: Pg 2 Line 27a Col M / 12 + (o) | X12: (c ) | Y12: (u) - (v) | Z12: Proj Att H pg 3, line 21, Col 3 | AA12: (w) x (x)
A13: 2 | N13: . | P13: ='Act Att-H'!G50 -> 0.23929098 | Q13: ='Proj Att-H'!G222 -> 0.27972226
A14: 3 | G14: Plant Balances as of Dec 31, 2021 > | H14: ='A4-Rate Base'!D22 -> 3.1816252e+08 | J14: ='A4-Rate Base'!F45 -> 51935611 | P14: =P12*P13 -> 4617032.4 | Q14: =Q12*Q13 -> 5100588.9
B16: (a) | D16: (b) | E16: (c) | F16: (d) | G16: (e) | H16: (f) | I16: (g) | J16: (h) | K16: (i) | L16: (j) | M16: (k) | N16: (l) | O16: (m) | P16: (n) | Q16: (o) | R16: (p) | S16: (q) | T16: (r) | U16: (s) | V16: (t) | W16: (u) | X16: (v) | Y16: (w) | Z16: (x) | AA16: (y)
A18: =+A14+1 -> 4 | B18: 44562 | D18: =H18 -> 3.1788328e+08 | E18: =I18 -> 465312.69 | F18: =J18 -> 52400924 | G18: -279242.5 | H18: =H$14+G18 -> 3.1788328e+08 | I18: =I$12*H14 -> 465312.69 | J18: =J14+I18 -> 52400924 | K18: =G18 -> -279242.5 | L18: 0.05 | M18: 0.095 | N18: =K18*L18 -> -13962.125 | O18: =K18*M18 -> -26528.038 | P18: =(P$14)/12 -> 384752.7 | R18: =N$42/12+P18 -> 490892.7 | S18: =E18 -> 465312.69 | T18: =S18-R18 -> -25580.013 | U18: =+'Proj Att-H'!$D$133 -> 0.245945 | V18: =T18*U18 -> -6291.2763
A19: =+A18+1 -> 5 | B19: 44593 | D19: =H19 -> 3.1788295e+08 | E19: =I19 -> 464904.3 | F19: =J19 -> 52865828 | G19: -279576.59 | H19: =H$14+G19 -> 3.1788295e+08 | I19: =I$12*H18 -> 464904.3 | J19: =J18+I19 -> 52865828 | K19: =G19-G18 -> -334.09 | L19: 0.05 | M19: 0.095 | N19: =K19*L19 -> -16.7045 | O19: =K19*M19 -> -31.73855 | P19: =(P$14)/12 -> 384752.7 | R19: =N$42/12+P19 -> 490892.7 | S19: =E19 -> 464904.3 | T19: =S19-R19 -> -25988.405 | U19: =+'Proj Att-H'!$D$133 -> 0.245945 | V19: =T19*U19 -> -6391.7183
A20: =+A19+1 -> 6 | B20: 44621 | D20: =H20 -> 3.1798315e+08 | E20: =I20 -> 464903.81 | F20: =J20 -> 53330732 | G20: -179373.01 | H20: =H$14+G20 -> 3.1798315e+08 | I20: =I$12*H19 -> 464903.81 | J20: =J19+I20 -> 53330732 | K20: =G20-G19 -> 100203.58 | L20: 0.05 | M20: 0.095 | N20: =K20*L20 -> 5010.179 | O20: =K20*M20 -> 9519.3401 | P20: =(P$14)/12 -> 384752.7 | R20: =N$42/12+P20 -> 490892.7 | S20: =E20 -> 464903.81 | T20: =S20-R20 -> -25988.894 | U20: =+'Proj Att-H'!$D$133 -> 0.245945 | V20: =T20*U20 -> -6391.8384
A21: =+A20+1 -> 7 | B21: 44652 | D21: =H21 -> 3.3430402e+08 | E21: =I21 -> 465050.36 | F21: =J21 -> 53795782 | G21: 16141500 | H21: =H$14+G21 -> 3.3430402e+08 | I21: =I$12*H20 -> 465050.36 | J21: =J20+I21 -> 53795782 | K21: =G21-G20 -> 16320873 | L21: 0.05 | M21: 0.095 | N21: =K21*L21 -> 816043.63 | O21: =K21*M21 -> 1550482.9 | P21: =(P$14)/12 -> 384752.7 | R21: =N$42/12+P21 -> 490892.7 | S21: =E21 -> 465050.36 | T21: =S21-R21 -> -25842.346 | U21: =+'Proj Att-H'!$D$133 -> 0.245945 | V21: =T21*U21 -> -6355.7958
A22: =+A21+1 -> 8 | B22: 44682 | D22: =H22 -> 3.3496845e+08 | E22: =I22 -> 488919.63 | F22: =J22 -> 54284702 | G22: 16805925 | H22: =H$14+G22 -> 3.3496845e+08 | I22: =I$12*H21 -> 488919.63 | J22: =J21+I22 -> 54284702 | K22: =G22-G21 -> 664425.48 | L22: 0.05 | M22: 0.095 | N22: =K22*L22 -> 33221.274 | O22: =K22*M22 -> 63120.421 | P22: =(P$14)/12 -> 384752.7 | R22: =N$42/12+P22 -> 490892.7 | S22: =E22 -> 488919.63 | T22: =S22-R22 -> -1973.0698 | U22: =+'Proj Att-H'!$D$133 -> 0.245945 | V22: =T22*U22 -> -485.26666
A23: =+A22+1 -> 9 | B23: 44713 | D23: =H23 -> 3.3635332e+08 | E23: =I23 -> 489891.35 | F23: =J23 -> 54774593 | G23: 18190801 | H23: =H$14+G23 -> 3.3635332e+08 | I23: =I$12*H22 -> 489891.35 | J23: =J22+I23 -> 54774593 | K23: =G23-G22 -> 1384876.4 | L23: 0.05 | M23: 0.095 | N23: =K23*L23 -> 69243.82 | O23: =K23*M23 -> 131563.26 | P23: =(P$14)/12 -> 384752.7 | R23: =N$42/12+P23 -> 490892.7 | S23: =E23 -> 489891.35 | T23: =S23-R23 -> -1001.3476 | U23: =+'Proj Att-H'!$D$133 -> 0.245945 | V23: =T23*U23 -> -246.27643
A24: =+A23+1 -> 10 | B24: 44743 | D24: =H24 -> 3.3656398e+08 | E24: =I24 -> 491916.74 | F24: =J24 -> 55266510 | G24: 18401459 | H24: =H$14+G24 -> 3.3656398e+08 | I24: =I$12*H23 -> 491916.74 | J24: =J23+I24 -> 55266510 | K24: =G24-G23 -> 210658.04 | L24: 0.05 | M24: 0.095 | N24: =K24*L24 -> 10532.902 | O24: =K24*M24 -> 20012.514 | P24: =(P$14)/12 -> 384752.7 | R24: =N$42/12+P24 -> 490892.7 | S24: =E24 -> 491916.74 | T24: =S24-R24 -> 1024.0341 | U24: =+'Proj Att-H'!$D$133 -> 0.245945 | V24: =T24*U24 -> 251.85608
A25: =+A24+1 -> 11 | B25: 44774 | D25: =H25 -> 3.3657585e+08 | E25: =I25 -> 492224.82 | F25: =J25 -> 55758735 | G25: 18413326 | H25: =H$14+G25 -> 3.3657585e+08 | I25: =I$12*H24 -> 492224.82 | J25: =J24+I25 -> 55758735 | K25: =G25-G24 -> 11866.77 | L25: 0.05 | M25: 0.095 | N25: =K25*L25 -> 593.3385 | O25: =K25*M25 -> 1127.3431 | P25: =(P$14)/12 -> 384752.7 | R25: =N$42/12+P25 -> 490892.7 | S25: =E25 -> 492224.82 | T25: =S25-R25 -> 1332.1215 | U25: =+'Proj Att-H'!$D$133 -> 0.245945 | V25: =T25*U25 -> 327.62863
A26: =+A25+1 -> 12 | B26: 44805 | D26: =H26 -> 3.3666751e+08 | E26: =I26 -> 492242.18 | F26: =J26 -> 56250977 | G26: 18504985 | H26: =H$14+G26 -> 3.3666751e+08 | I26: =I$12*H25 -> 492242.18 | J26: =J25+I26 -> 56250977 | K26: =G26-G25 -> 91658.352 | L26: 0.05 | M26: 0.095 | N26: =K26*L26 -> 4582.9176 | O26: =K26*M26 -> 8707.5434 | P26: =(P$14)/12 -> 384752.7 | R26: =N$42/12+P26 -> 490892.7 | S26: =E26 -> 492242.18 | T26: =S26-R26 -> 1349.4767 | U26: =+'Proj Att-H'!$D$133 -> 0.245945 | V26: =T26*U26 -> 331.89704
A27: =+A26+1 -> 13 | B27: 44835 | D27: =H27 -> 3.3673514e+08 | E27: =I27 -> 492376.23 | F27: =J27 -> 56743353 | G27: 18572617 | H27: =H$14+G27 -> 3.3673514e+08 | I27: =I$12*H26 -> 492376.23 | J27: =J26+I27 -> 56743353 | K27: =G27-G26 -> 67632.114 | L27: 0.05 | M27: 0.095 | N27: =K27*L27 -> 3381.6057 | O27: =K27*M27 -> 6425.0508 | P27: =(P$14)/12 -> 384752.7 | R27: =N$42/12+P27 -> 490892.7 | S27: =E27 -> 492376.23 | T27: =S27-R27 -> 1483.527 | U27: =+'Proj Att-H'!$D$133 -> 0.245945 | V27: =T27*U27 -> 364.86605
A28: =+A27+1 -> 14 | B28: 44866 | D28: =H28 -> 3.3684706e+08 | E28: =I28 -> 492475.14 | F28: =J28 -> 57235828 | G28: 18684539 | H28: =H$14+G28 -> 3.3684706e+08 | I28: =I$12*H27 -> 492475.14 | J28: =J27+I28 -> 57235828 | K28: =G28-G27 -> 111921.94 | L28: 0.05 | M28: 0.095 | N28: =K28*L28 -> 5596.0971 | O28: =K28*M28 -> 10632.585 | P28: =(P$14)/12 -> 384752.7 | R28: =N$42/12+P28 -> 490892.7 | S28: =E28 -> 492475.14 | T28: =S28-R28 -> 1582.439 | U28: =+'Proj Att-H'!$D$133 -> 0.245945 | V28: =T28*U28 -> 389.19296
A29: =+A28+1 -> 15 | B29: 44896 | D29: =H29 -> 3.4363612e+08 | E29: =I29 -> 492638.83 | F29: =J29 -> 57728467 | G29: 25473600 | H29: =H$14+G29 -> 3.4363612e+08 | I29: =I$12*H28 -> 492638.83 | J29: =J28+I29 -> 57728467 | K29: =G29-G28 -> 6789061.3 | L29: 0.05 | M29: 0.095 | N29: =K29*L29 -> 339453.07 | O29: =K29*M29 -> 644960.83 | P29: =(P$14)/12 -> 384752.7 | R29: =N$42/12+P29 -> 490892.7 | S29: =E29 -> 492638.83 | T29: =S29-R29 -> 1746.1248 | U29: =+'Proj Att-H'!$D$133 -> 0.245945 | V29: =T29*U29 -> 429.45067
A30: =+A29+1 -> 16 | B30: 44927 | D30: =H30 -> 3.8366168e+08 | E30: =I30 -> 502567.83 | F30: =J30 -> 58231035 | G30: 65499155 | H30: =H$14+G30 -> 3.8366168e+08 | I30: =I$12*H29 -> 502567.83 | J30: =J29+I30 -> 58231035 | K30: =G30-G29 -> 40025555 | L30: 0.05 | M30: 0.095 | O30: =K30*L30 -> 2001277.8 | Q30: =(Q$14)/12 -> 425049.08 | W30: =(O$42/12)+Q30 -> 814335.55 | X30: =E30 -> 502567.83 | Y30: =X30-W30 -> -311767.72 | Z30: =+'Proj Att-H'!$D$133 -> 0.245945 | AA30: =Z30*Y30 -> -76677.712
A31: =+A30+1 -> 17 | B31: 44958 | D31: =H31 -> 3.8410265e+08 | E31: =I31 -> 561105.2 | F31: =J31 -> 58792140 | G31: 65940126 | H31: =H$14+G31 -> 3.8410265e+08 | I31: =I$12*H30 -> 561105.2 | J31: =J30+I31 -> 58792140 | K31: =G31-G30 -> 440970.77 | L31: 0.05 | M31: 0.095 | O31: =K31*L31 -> 22048.539 | Q31: =(Q$14)/12 -> 425049.08 | W31: =(O$42/12)+Q31 -> 814335.55 | X31: =E31 -> 561105.2 | Y31: =X31-W31 -> -253230.35 | Z31: =+'Proj Att-H'!$D$133 -> 0.245945 | AA31: =Z31*Y31 -> -62280.738
A32: =+A31+1 -> 18 | B32: 44986 | D32: =H32 -> 3.8459284e+08 | E32: =I32 -> 561750.12 | F32: =J32 -> 59353890 | G32: 66430316 | H32: =H$14+G32 -> 3.8459284e+08 | I32: =I$12*H31 -> 561750.12 | J32: =J31+I32 -> 59353890 | K32: =G32-G31 -> 490190.11 | L32: 0.05 | M32: 0.095 | O32: =K32*L32 -> 24509.505 | Q32: =(Q$14)/12 -> 425049.08 | W32: =(O$42/12)+Q32 -> 814335.55 | X32: =E32 -> 561750.12 | Y32: =X32-W32 -> -252585.43 | Z32: =+'Proj Att-H'!$D$133 -> 0.245945 | AA32: =Z32*Y32 -> -62122.123
A33: =+A32+1 -> 19 | B33: 45017 | D33: =H33 -> 3.8469495e+08 | E33: =I33 -> 562467.03 | F33: =J33 -> 59916357 | G33: 66532424 | H33: =H$14+G33 -> 3.8469495e+08 | I33: =I$12*H32 -> 562467.03 | J33: =J32+I33 -> 59916357 | K33: =G33-G32 -> 102108.32 | L33: 0.05 | M33: 0.095 | O33: =K33*L33 -> 5105.416 | Q33: =(Q$14)/12 -> 425049.08 | W33: =(O$42/12)+Q33 -> 814335.55 | X33: =E33 -> 562467.03 | Y33: =X33-W33 -> -251868.52 | Z33: =+'Proj Att-H'!$D$133 -> 0.245945 | AA33: =Z33*Y33 -> -61945.804
A34: =+A33+1 -> 20 | B34: 45047 | D34: =H34 -> 3.8480031e+08 | E34: =I34 -> 562616.36 | F34: =J34 -> 60478974 | G34: 66637790 | H34: =H$14+G34 -> 3.8480031e+08 | I34: =I$12*H33 -> 562616.36 | J34: =J33+I34 -> 60478974 | K34: =G34-G33 -> 105365.5 | L34: 0.05 | M34: 0.095 | O34: =K34*L34 -> 5268.2751 | Q34: =(Q$14)/12 -> 425049.08 | W34: =(O$42/12)+Q34 -> 814335.55 | X34: =E34 -> 562616.36 | Y34: =X34-W34 -> -251719.19 | Z34: =+'Proj Att-H'!$D$133 -> 0.245945 | AA34: =Z34*Y34 -> -61909.076
A35: =+A34+1 -> 21 | B35: 45078 | D35: =H35 -> 3.8490576e+08 | E35: =I35 -> 562770.46 | F35: =J35 -> 61041744 | G35: 66743233 | H35: =H$14+G35 -> 3.8490576e+08 | I35: =I$12*H34 -> 562770.46 | J35: =J34+I35 -> 61041744 | K35: =G35-G34 -> 105443.13 | L35: 0.05 | M35: 0.095 | O35: =K35*L35 -> 5272.1564 | Q35: =(Q$14)/12 -> 425049.08 | W35: =(O$42/12)+Q35 -> 814335.55 | X35: =E35 -> 562770.46 | Y35: =X35-W35 -> -251565.09 | Z35: =+'Proj Att-H'!$D$133 -> 0.245945 | AA35: =Z35*Y35 -> -61871.177
A36: =+A35+1 -> 22 | B36: 45108 | D36: =H36 -> 3.8809115e+08 | E36: =I36 -> 562924.67 | F36: =J36 -> 61604669 | G36: 69928623 | H36: =H$14+G36 -> 3.8809115e+08 | I36: =I$12*H35 -> 562924.67 | J36: =J35+I36 -> 61604669 | K36: =G36-G35 -> 3185390 | L36: 0.05 | M36: 0.095 | O36: =K36*L36 -> 159269.5 | Q36: =(Q$14)/12 -> 425049.08 | W36: =(O$42/12)+Q36 -> 814335.55 | X36: =E36 -> 562924.67 | Y36: =X36-W36 -> -251410.88 | Z36: =+'Proj Att-H'!$D$133 -> 0.245945 | AA36: =Z36*Y36 -> -61833.25
A37: =+A36+1 -> 23 | B37: 45139 | D37: =H37 -> 3.8819442e+08 | E37: =I37 -> 567583.3 | F37: =J37 -> 62172252 | G37: 70031898 | H37: =H$14+G37 -> 3.8819442e+08 | I37: =I$12*H36 -> 567583.3 | J37: =J36+I37 -> 62172252 | K37: =G37-G36 -> 103275.18 | L37: 0.05 | M37: 0.095 | O37: =K37*L37 -> 5163.7588 | Q37: =(Q$14)/12 -> 425049.08 | W37: =(O$42/12)+Q37 -> 814335.55 | X37: =E37 -> 567583.3 | Y37: =X37-W37 -> -246752.25 | Z37: =+'Proj Att-H'!$D$133 -> 0.245945 | AA37: =Z37*Y37 -> -60687.482
A38: =+A37+1 -> 24 | B38: 45170 | D38: =H38 -> 3.8842369e+08 | E38: =I38 -> 567734.34 | F38: =J38 -> 62739987 | G38: 70261168 | H38: =H$14+G38 -> 3.8842369e+08 | I38: =I$12*H37 -> 567734.34 | J38: =J37+I38 -> 62739987 | K38: =G38-G37 -> 229269.7 | L38: 0.05 | M38: 0.095 | O38: =K38*L38 -> 11463.485 | Q38: =(Q$14)/12 -> 425049.08 | W38: =(O$42/12)+Q38 -> 814335.55 | X38: =E38 -> 567734.34 | Y38: =X38-W38 -> -246601.21 | Z38: =+'Proj Att-H'!$D$133 -> 0.245945 | AA38: =Z38*Y38 -> -60650.335
A39: =+A38+1 -> 25 | B39: 45200 | D39: =H39 -> 3.8852643e+08 | E39: =I39 -> 568069.65 | F39: =J39 -> 63308056 | G39: 70363905 | H39: =H$14+G39 -> 3.8852643e+08 | I39: =I$12*H38 -> 568069.65 | J39: =J38+I39 -> 63308056 | K39: =G39-G38 -> 102737.34 | L39: 0.05 | M39: 0.095 | O39: =K39*L39 -> 5136.8668 | Q39: =(Q$14)/12 -> 425049.08 | W39: =(O$42/12)+Q39 -> 814335.55 | X39: =E39 -> 568069.65 | Y39: =X39-W39 -> -246265.9 | Z39: =+'Proj Att-H'!$D$133 -> 0.245945 | AA39: =Z39*Y39 -> -60567.868
A40: =+A39+1 -> 26 | B40: 45231 | D40: =H40 -> 3.8859659e+08 | E40: =I40 -> 568219.9 | F40: =J40 -> 63876276 | G40: 70434066 | H40: =H$14+G40 -> 3.8859659e+08 | I40: =I$12*H39 -> 568219.9 | J40: =J39+I40 -> 63876276 | K40: =G40-G39 -> 70161.27 | L40: 0.05 | M40: 0.095 | O40: =K40*L40 -> 3508.0635 | Q40: =(Q$14)/12 -> 425049.08 | W40: =(O$42/12)+Q40 -> 814335.55 | X40: =E40 -> 568219.9 | Y40: =X40-W40 -> -246115.65 | Z40: =+'Proj Att-H'!$D$133 -> 0.245945 | AA40: =Z40*Y40 -> -60530.914
A41: =+A40+1 -> 27 | B41: 45261 | D41: =H41 -> 3.8866504e+08 | E41: =I41 -> 568322.51 | F41: =J41 -> 64444599 | G41: 70502514 | H41: =H$14+G41 -> 3.8866504e+08 | I41: =I$12*H40 -> 568322.51 | J41: =J40+I41 -> 64444599 | K41: =G41-G40 -> 68447.511 | L41: 0.05 | M41: 0.095 | O41: =K41*L41 -> 3422.3756 | Q41: =(Q$14)/12 -> 425049.08 | W41: =(O$42/12)+Q41 -> 814335.55 | X41: =E41 -> 568322.51 | Y41: =X41-W41 -> -246013.04 | Z41: =+'Proj Att-H'!$D$133 -> 0.245945 | AA41: =Z41*Y41 -> -60505.677
A42: 27a | N42: =SUM(N18:N41) -> 1273680 | O42: =SUM(O18:O41) -> 4671437.7 | P42: =SUM(P18:P41) -> 4617032.4 | Q42: =SUM(Q18:Q41) -> 5100588.9 | R42: =SUM(R18:R41) -> 5890712.4 | S42: =SUM(S18:S41) -> 5792856.1 | T42: =SUM(T18:T41) -> -97856.352 | V42: =T42*'Proj Att-H'!D133 -> -24067.28 | W42: =SUM(W18:W41) -> 9772026.6 | X42: =SUM(X18:X41) -> 6716131.4 | Y42: =SUM(Y18:Y41) -> -3055895.2 | AA42: =SUM(AA18:AA41) -> -751582.16
A43: =A41+1 -> 28 | B43: 12 Mon Tot | E43: =SUM(E30:E41) -> 6716131.4 | I43: =SUM(I30:I41) -> 6716131.4
A44: =+A43+1 -> 29 | B44: 13 Mon Avg | D44: =SUM(D29:D41)/13 -> 3.8314551e+08 | F44: =SUM(F29:F41)/13 -> 61052958 | H44: =SUM(H29:H41)/13 -> 3.8314551e+08 | J44: =SUM(J29:J41)/13 -> 61052958
G48: Notes:
G49: A | H49: Actual transmission depreciation expense (Actual Attachment H, page 3, line 9) divided by actual transmission plant in service (Actual Attachment H, page 2, line 2) divided by 12 months.

Sheet P2-Exp. & Rev. Credits
A1: Worksheet P2
A2: Projected Expenses and Revenue Credits
A3: ='Act Att-H'!C7 -> Black Hills Colorado Electric, LLC
F4: Page 1 of 1
B6: (1) | C6: (2) | D6: (3) | E6: (4) | F6: (5)
E7: Ratio of
E8: Expense
D9: Actual | E9: To Net | F9: Projected
A10: Line | B10: Item | C10: Reference | D10: Costs | E10: Plant in Service | F10: Costs
E11: (Ratio of Cost to total) | F11: (Ratio * Proj. Net Plant)
A12: 1 | B12: Net Plant in Service | C12: Actual Attachment H, Page 2 Line 18 Col 5 | D12: ='Act Att-H'!I66 -> 2.4334414e+08
A13: 2 | B13: Projected Net Plant in Service | C13: Projected Attachment H, Page 2, Line 9 Col 5 | F13: ='Proj Att-H'!I60 -> 3.0427147e+08
B15: Operation and Maintenance Expenses
A16: =A13+1 -> 3 | B16: Transmission | C16: Actual Attachment H, Page 3, Line 1, Col 3 | D16: ='Act Att-H'!D106 -> 4593888 | E16: =IF($D$12=0,0,D16/$D$12) -> 0.018878153 | F16: =E16*F$13 -> 5744083.4
A17: =A16+1 -> 4 | B17: Less Account 561 | C17: Actual Attachment H, Page 3, Line 2, Col 3 | D17: ='Act Att-H'!D107 -> 824709 | E17: =IF($D$12=0,0,D17/$D$12) -> 0.0033890645 | F17: =E17*F$13 -> 1031195.6
A18: =A17+1 -> 5 | B18: Less Account 565 | C18: Actual Attachment H, Page 3, Line 2a, Col 3 | D18: ='Act Att-H'!D108 -> 931415 | E18: =IF($D$12=0,0,D18/$D$12) -> 0.0038275629 | F18: =E18*F$13 -> 1164618.2
A19: =A18+1 -> 6 | B19: A&G | C19: Actual Attachment H, Page 3, Line 3, Col 3 | D19: ='Act Att-H'!D109 -> 27892381 | E19: =IF($D$12=0,0,D19/$D$12) -> 0.11462113 | F19: =E19*F$13 -> 34875940
A20: =A19+1 -> 7 | B20: Adjustments to A&G
A21: =A20+1 -> 8 | B21: Less EPRI & Reg. Comm. Exp. & Non-safety Ad. | C21: Actual Attachment H, Page 3, Line 5, Col 3 | D21: ='Act Att-H'!D111 -> 1426505 | E21: =IF($D$12=0,0,D21/$D$12) -> 0.005862089 | F21: =E21*F$13 -> 1783666.4
A22: =A21+1 -> 9 | B22: Plus Transmission Related Reg. Comm. Exp. | C22: Note A | D22: 110000 | F22: =D22 -> 110000
A23: =A22+1 -> 10 | B23: Plus: PBOP Actual Cash Outlay | C23: Actual Attachment H, Page 3, Line 5b, Col 3 | D23: ='Act Att-H'!D113 -> 556648.07 | F23: =D23 -> 556648.07
A24: =A23+1 -> 11 | B24: Less: PBOP Net Periodic Expense | C24: Actual Attachment H, Page 3, Line 5c, Col 3 | D24: ='Act Att-H'!D114 -> 294214.92 | E24: =IF($D$12=0,0,D24/$D$12) -> 0.0012090487 | F24: =E24*F$13 -> 367879.03
A25: =A24+1 -> 12 | B25: Other | C25: Actual Attachment H, Page 3, Line 6, Col 3 | D25: ='Act Att-H'!D115 -> 0 | E25: =IF($D$12=0,0,D25/$D$12) -> 0 | F25: =E25*F$13 -> 0
A26: =A25+1 -> 13 | B26: Transmission Lease Payments | C26: Actual Attachment H, Page 3, Line 7, Col 3 | D26: ='Act Att-H'!D116 -> 0 | E26: =IF($D$12=0,0,D26/$D$12) -> 0 | F26: =E26*F$13 -> 0
A27: =A26+1 -> 14 | B27: TOTAL O&M | C27: (Sum lines 3,6,9,10,12,13 less lines 4,5,8,11) | D27: =+D16-D17-D18+D19-D21+D25+D26+D22+D23-D24 -> 29676073 | F27: =+F16-F17-F18+F19-F21+F25+F26+F22+F23-F24 -> 36939312
B30: Other Taxes
B31: LABOR RELATED
A32: =A27+1 -> 15 | B32: Payroll | C32: Actual Attachment H, Page 3, Line 13, Col 3 | D32: ='Act Att-H'!D128 -> 1742035 | E32: =IF($D$12=0,0,D32/$D$12) -> 0.00715873 | F32: =E32*F$13 -> 2178197.3
A33: =A32+1 -> 16 | B33: Highway and vehicle | C33: Actual Attachment H, Page 3, Line 14, Col 3 | D33: ='Act Att-H'!D129 -> 0 | E33: =IF($D$12=0,0,D33/$D$12) -> 0 | F33: =E33*F$13 -> 0
A34: =A33+1 -> 17 | B34: PLANT RELATED
A35: =A34+1 -> 18 | B35: Property | C35: Actual Attachment H, Page 3, Line 16, Col 3 | D35: ='Act Att-H'!D131 -> 10980443 | E35: =IF($D$12=0,0,D35/$D$12) -> 0.045123104 | F35: =E35*F$13 -> 13729673
A36: =A35+1 -> 19 | B36: Gross Receipts | C36: Actual Attachment H, Page 3, Line 17, Col 3 | D36: ='Act Att-H'!D132 -> -54845 | E36: =IF($D$12=0,0,D36/$D$12) -> -0.0002253804 | F36: =E36*F$13 -> -68576.825
A37: =A36+1 -> 20 | B37: Other | C37: Actual Attachment H, Page 3, Line 18, Col 3 | D37: ='Act Att-H'!D133 -> 0 | E37: =IF($D$12=0,0,D37/$D$12) -> 0 | F37: =E37*F$13 -> 0
A38: =A37+1 -> 21 | B38: Intentionally Left Blank
A39: =A38+1 -> 22 | B39: Projected Other Taxes | C39: (Sum Lines 15-21) | D39: =SUM(D32:D37) -> 12667633 | F39: =SUM(F32:F38) -> 15839293
A41: Notes
A42: A | B42: Projected transmission-related regulatory commission expenses including projected FERC rate filing costs (i.e. projection of amounts on Worksheet A2, Lines 10-11).

Sheet P3-Divisor
A1: Worksheet P3
A2: Projected Divisor
A3: ='P1-Trans Plant'!B3 -> Black Hills Colorado Electric, LLC
G4: Page 1 of 1
A5: Line No.
A7: 1 | B7: Divisor
B9: (a) | C9: (b) | D9: (c) | E9: (d) | F9: (e) | G9: (f)
B10: Month | C10: Monthly Transmission Loads as Percentage of the Average Total Loads of Jan-Aug (Worksheet A6) | D10: Avg Monthly Transmission Load for Jan-Aug (Col e, line 2-9) | E10: Estimated Monthly Transmission Load for Sep-Dec ( Col. b * c) | F10: Actual Load for Jan-Aug | G10: Projected Transmission Load
A11: 2 | B11: January | F11: =+(280+14+63)*1000 -> 357000 | G11: =F11 -> 357000
A12: 3 | B12: February | F12: =+(289+16+63)*1000 -> 368000 | G12: =F12 -> 368000
A13: 4 | B13: March | F13: =+(268+15+63)*1000 -> 346000 | G13: =F13 -> 346000
A14: 5 | B14: April | F14: =+(256+12+63)*1000 -> 331000 | G14: =F14 -> 331000
A15: 6 | B15: May | F15: =+(342+13+63)*1000 -> 418000 | G15: =F15 -> 418000
A16: 7 | B16: June | F16: =+(399+14+63)*1000 -> 476000 | G16: =F16 -> 476000
A17: 8 | B17: July | F17: =+(435.5+16.5+63)*1000 -> 515000 | G17: =F17 -> 515000
A18: 9 | B18: August | F18: =+(422+16+63)*1000 -> 501000 | G18: =F18 -> 501000
A19: 10 | B19: September | C19: ='A6-Divisor'!G16 -> 1.0953161 | D19: =AVERAGE($F$11:$F$18) -> 414000 | E19: =C19*D19 -> 453460.86 | G19: =E19 -> 453460.86
A20: 11 | B20: October | C20: ='A6-Divisor'!G17 -> 0.96429741 | D20: =AVERAGE($F$11:$F$18) -> 414000 | E20: =C20*D20 -> 399219.13 | G20: =E20 -> 399219.13
A21: 12 | B21: November | C21: ='A6-Divisor'!G18 -> 0.8961677 | D21: =AVERAGE($F$11:$F$18) -> 414000 | E21: =C21*D21 -> 371013.43 | G21: =E21 -> 371013.43
A22: 13 | B22: December | C22: ='A6-Divisor'!G19 -> 0.91451032 | D22: =AVERAGE($F$11:$F$18) -> 414000 | E22: =C22*D22 -> 378607.27 | G22: =E22 -> 378607.27
A23: 14 | B23: Total | G23: =SUM(G11:G22) -> 4914300.7
A24: 15 | B24: Divisor | G24: =G23/12 -> 409525.06
A27: Note: | B27: Column b is the monthly transmission load for September, October, November and December as a percentage of the average of the monthly transmission load values for January through August, based on monthly load values in Worksheet A6.
B28: Column c is average (January through August) of monthly transmission load in column e.
B29: Column e contains actual load values from current year FERC Form 3Q page 400, lines 1-10, columns e, f, g and h.
B30: Column f contains actual load values for January-August and projected load values for September - December.

Sheet P4-IncentPlant
A1: Worksheet P4
A2: Projected Incentive Plant Worksheet
A3: ='Act Att-H'!C7 -> Black Hills Colorado Electric, LLC
O4: Page 1 of 1
A6: Line | H6: Incentive Projects | I6: (Note D)
A7: 1 | H7: Project: | I7: Project 1 | L7: Project: | M7: Project 2
A8: =A7+1 -> 2 | H8: Proj. ID | I8: n/a | L8: Proj. ID | M8: n/a
A9: =A8+1 -> 3 | H9: Deprec. Rate/Month: | K9: (Note A) | L9: Deprec. Rate/Month: | O9: (Note A)
A10: =A9+1 -> 4 | H10: ROE Adder | I10: 0 | K10: (Note B) | L10: ROE Adder | M10: 0 | O10: (Note B)
A11: =A10+1 -> 5 | H11: Weighted ROE Adder: | I11: =I10*'Act Att-H'!E204 -> 0 | L11: Weighted ROE Adder: | M11: =M10*'Act Att-H'!E204 -> 0
A12: =A11+1 -> 6 | H12: Beginning Year: | L12: Beginning Year:
A13: =A12+1 -> 7
A14: =A13+1 -> 8 | C14: Total
B16: Mon/Yr | C16: Gross Plant | D16: Depreciation | E16: Accum. Dep. | F16: Incentive Ret | H16: Gross Plant | I16: Depreciation | J16: Accum. Dep. | K16: Net Plant | L16: Gross Plant | M16: Depreciation | N16: Accum. Dep. | O16: Net Plant
B17: (a) | C17: (b) | D17: (c) | E17: (d) | F17: (e) | H17: (f) | I17: (g) | J17: (h) | K17: (i) | L17: (j) | M17: (k) | N17: (l) | O17: (m)
H18: =I12 -> 0 | L18: =M12 -> 0
A19: =A14+1 -> 9 | B19: ='P1-Trans Plant'!B18 -> 44562 | C19: =+H19+L19 -> 0 | D19: =+I19+M19 -> 0 | E19: =+J19+N19 -> 0 | H19: =H18 -> 0 | I19: =H19*I$9 -> 0 | J19: =I19 -> 0 | K19: =+H19-J19 -> 0 | L19: =L18 -> 0 | M19: =L19*M$9 -> 0 | N19: =M19 -> 0 | O19: =+L19-N19 -> 0
A20: =A19+1 -> 10 | B20: ='P1-Trans Plant'!B19 -> 44593 | C20: =+H20+L20 -> 0 | D20: =+I20+M20 -> 0 | E20: =+J20+N20 -> 0 | H20: 0 | I20: =H20*I$9 -> 0 | J20: =J19+I20 -> 0 | K20: =+H20-J20 -> 0 | L20: 0 | M20: =L20*M$9 -> 0 | N20: =N19+M20 -> 0 | O20: =+L20-N20 -> 0
A21: =A20+1 -> 11 | B21: ='P1-Trans Plant'!B20 -> 44621 | C21: =+H21+L21 -> 0 | D21: =+I21+M21 -> 0 | E21: =+J21+N21 -> 0 | H21: 0 | I21: =H21*I$9 -> 0 | J21: =J20+I21 -> 0 | K21: =+H21-J21 -> 0 | L21: 0 | M21: =L21*M$9 -> 0 | N21: =N20+M21 -> 0 | O21: =+L21-N21 -> 0
A22: =A21+1 -> 12 | B22: ='P1-Trans Plant'!B21 -> 44652 | C22: =+H22+L22 -> 0 | D22: =+I22+M22 -> 0 | E22: =+J22+N22 -> 0 | H22: 0 | I22: =H22*I$9 -> 0 | J22: =J21+I22 -> 0 | K22: =+H22-J22 -> 0 | L22: 0 | M22: =L22*M$9 -> 0 | N22: =N21+M22 -> 0 | O22: =+L22-N22 -> 0
A23: =A22+1 -> 13 | B23: ='P1-Trans Plant'!B22 -> 44682 | C23: =+H23+L23 -> 0 | D23: =+I23+M23 -> 0 | E23: =+J23+N23 -> 0 | H23: 0 | I23: =H23*I$9 -> 0 | J23: =J22+I23 -> 0 | K23: =+H23-J23 -> 0 | L23: 0 | M23: =L23*M$9 -> 0 | N23: =N22+M23 -> 0 | O23: =+L23-N23 -> 0
A24: =A23+1 -> 14 | B24: ='P1-Trans Plant'!B23 -> 44713 | C24: =+H24+L24 -> 0 | D24: =+I24+M24 -> 0 | E24: =+J24+N24 -> 0 | H24: 0 | I24: =H24*I$9 -> 0 | J24: =J23+I24 -> 0 | K24: =+H24-J24 -> 0 | L24: 0 | M24: =L24*M$9 -> 0 | N24: =N23+M24 -> 0 | O24: =+L24-N24 -> 0
A25: =A24+1 -> 15 | B25: ='P1-Trans Plant'!B24 -> 44743 | C25: =+H25+L25 -> 0 | D25: =+I25+M25 -> 0 | E25: =+J25+N25 -> 0 | H25: 0 | I25: =H25*I$9 -> 0 | J25: =J24+I25 -> 0 | K25: =+H25-J25 -> 0 | L25: 0 | M25: =L25*M$9 -> 0 | N25: =N24+M25 -> 0 | O25: =+L25-N25 -> 0
A26: =A25+1 -> 16 | B26: ='P1-Trans Plant'!B25 -> 44774 | C26: =+H26+L26 -> 0 | D26: =+I26+M26 -> 0 | E26: =+J26+N26 -> 0 | H26: 0 | I26: =H26*I$9 -> 0 | J26: =J25+I26 -> 0 | K26: =+H26-J26 -> 0 | L26: 0 | M26: =L26*M$9 -> 0 | N26: =N25+M26 -> 0 | O26: =+L26-N26 -> 0
A27: =A26+1 -> 17 | B27: ='P1-Trans Plant'!B26 -> 44805 | C27: =+H27+L27 -> 0 | D27: =+I27+M27 -> 0 | E27: =+J27+N27 -> 0 | H27: 0 | I27: =H27*I$9 -> 0 | J27: =J26+I27 -> 0 | K27: =+H27-J27 -> 0 | L27: 0 | M27: =L27*M$9 -> 0 | N27: =N26+M27 -> 0 | O27: =+L27-N27 -> 0
A28: =A27+1 -> 18 | B28: ='P1-Trans Plant'!B27 -> 44835 | C28: =+H28+L28 -> 0 | D28: =+I28+M28 -> 0 | E28: =+J28+N28 -> 0 | H28: 0 | I28: =H28*I$9 -> 0 | J28: =J27+I28 -> 0 | K28: =+H28-J28 -> 0 | L28: 0 | M28: =L28*M$9 -> 0 | N28: =N27+M28 -> 0 | O28: =+L28-N28 -> 0
A29: =A28+1 -> 19 | B29: ='P1-Trans Plant'!B28 -> 44866 | C29: =+H29+L29 -> 0 | D29: =+I29+M29 -> 0 | E29: =+J29+N29 -> 0 | H29: 0 | I29: =H29*I$9 -> 0 | J29: =J28+I29 -> 0 | K29: =+H29-J29 -> 0 | L29: 0 | M29: =L29*M$9 -> 0 | N29: =N28+M29 -> 0 | O29: =+L29-N29 -> 0
A30: =A29+1 -> 20 | B30: ='P1-Trans Plant'!B29 -> 44896 | C30: =+H30+L30 -> 0 | D30: =+I30+M30 -> 0 | E30: =+J30+N30 -> 0 | H30: 0 | I30: =H30*I$9 -> 0 | J30: =J29+I30 -> 0 | K30: =+H30-J30 -> 0 | L30: 0 | M30: =L30*M$9 -> 0 | N30: =N29+M30 -> 0 | O30: =+L30-N30 -> 0
A31: =A30+1 -> 21 | B31: ='P1-Trans Plant'!B30 -> 44927 | C31: =+H31+L31 -> 0 | D31: =+I31+M31 -> 0 | E31: =+J31+N31 -> 0 | H31: 0 | I31: =H31*I$9 -> 0 | J31: =J30+I31 -> 0 | K31: =+H31-J31 -> 0 | L31: 0 | M31: =L31*M$9 -> 0 | N31: =N30+M31 -> 0 | O31: =+L31-N31 -> 0
... A42: =A41+1 -> 32 | B42: ='P1-Trans Plant'!B41 -> 45261 | C42: =+H42+L42 -> 0 | D42: =+I42+M42 -> 0 | E42: =+J42+N42 -> 0 | H42: 0 | I42: =H42*I$9 -> 0 | J42: =J41+I42 -> 0 | K42: =+H42-J42 -> 0 | L42: 0 | M42: =L42*M$9 -> 0 | N42: =N41+M42 -> 0 | O42: =+L42-N42 -> 0
A44: 33 | B44: 12 Mon Tot | D44: =SUM(D31:D42) -> 0 | I44: =SUM(I31:I42) -> 0 | M44: =SUM(M31:M42) -> 0
A45: 34 | B45: 13 Mon Avg | C45: =SUM(C30:C42)/13 -> 0 | E45: =SUM(E30:E42)/13 -> 0 | H45: =SUM(H30:H42)/13 -> 0 | J45: =SUM(J30:J42)/13 -> 0 | K45: =SUM(K30:K42)/13 -> 0 | L45: =SUM(L30:L42)/13 -> 0 | N45: =SUM(N30:N42)/13 -> 0 | O45: =SUM(O30:O42)/13 -> 0
A47: 35 | B47: Total Incentive Return | F47: =O47+K47 -> 0 | K47: =ROUND(K45*I11,2) -> 0 | O47: =ROUND(O45*M11,2) -> 0
F48: Note C | K48: Note C | O48: Note C
I49: (f) x Line 3 Col (g) | J49: (g) + Prev Line, Col (g) | K49: (f) - (h) | M49: (j) x Line 3, Col (k) | N49: (k) + Prev Line, Col (k) | O49: (j) - (l)
A50: Notes
A51: A | B51: Special depreciation rates may be utilized for specific incentive transmission projects if approved by the FERC.
A52: B | B52: Incentive ROE requires authorization by the Commission
A53: C | B53: (Line 5) Weighted ROE Adder times (Line 34) 13 Month Average Net Plant
A54: D | B54: Applies only to projects authorized by the Commission. The source of the information is the Company Records. To the extent applicable, Black Hills Colorado will include initial input values and workpapers tied to Company Records in any Commission filing.

Sheet P5-ADIT
A1: Worksheet P5
A2: Accumulated Deferred Income Taxes
A3: Black Hills Colorado Electric, LLC
J4: Page 1 of 5
I5: Rate Year = | J5: 2023
A6: 1 | B6: Account 190
A7: =+A6+1 -> 2 | B7: Days in Period | H7: Averaging with Proration - Projected
B8: A | C8: B | D8: C | E8: D | F8: E | H8: F | I8: G | J8: H
A9: =+A7+1 -> 3 | B9: Month | C9: Days in the Month | D9: Number of Days Prorated | E9: Total Days in Future Portion of Test Period | F9: Proration Amount (C / D) | H9: Projected Monthly Activity | I9: Prorated Projected Monthly Activity (E x F) | J9: Prorated Projected Balance (Cumulative Sum of G)
A10: =+A9+1 -> 4 | H10: Line 115-126 x Proj Att-H, Note A, FIT
A11: =+A10+1 -> 5 | B11: December 31st balance Prorated Items | J11: 0
A12: =+A11+1 -> 6 | B12: January | C12: 31 | D12: =E12-C12 -> 334 | E12: 365 | F12: =IF(E12=0,0,D12/E12) -> 0.91506849 | H12: =-H152*'Proj Att-H'!D239 -> -24940.279 | I12: =+H12*F12 -> -22822.064 | J12: =+I12+J11 -> -22822.064
A13: =+A12+1 -> 7 | B13: February | C13: 28 | D13: =D12-C13 -> 306 | E13: =$E$12 -> 365 | F13: =IF(E13=0,0,D13/E13) -> 0.83835616 | H13: =-H153*'Proj Att-H'!D239 -> -24940.279 | I13: =+H13*F13 -> -20908.837 | J13: =+I13+J12 -> -43730.901
A14: =+A13+1 -> 8 | B14: March | C14: 31 | D14: =D13-C14 -> 275 | E14: =$E$12 -> 365 | F14: =IF(E14=0,0,D14/E14) -> 0.75342466 | H14: =-H154*'Proj Att-H'!D239 -> -24940.279 | I14: =+H14*F14 -> -18790.621 | J14: =+I14+J13 -> -62521.522
A15: =+A14+1 -> 9 | B15: April | C15: 30 | D15: =D14-C15 -> 245 | E15: =$E$12 -> 365 | F15: =IF(E15=0,0,D15/E15) -> 0.67123288 | H15: =-H155*'Proj Att-H'!D239 -> -24940.279 | I15: =+H15*F15 -> -16740.735 | J15: =+I15+J14 -> -79262.258
A16: =+A15+1 -> 10 | B16: May | C16: 31 | D16: =D15-C16 -> 214 | E16: =$E$12 -> 365 | F16: =IF(E16=0,0,D16/E16) -> 0.58630137 | H16: =-H156*'Proj Att-H'!D239 -> -24940.279 | I16: =+H16*F16 -> -14622.52 | J16: =+I16+J15 -> -93884.778
A17: =+A16+1 -> 11 | B17: June | C17: 30 | D17: =D16-C17 -> 184 | E17: =$E$12 -> 365 | F17: =IF(E17=0,0,D17/E17) -> 0.50410959 | H17: =-H157*'Proj Att-H'!D239 -> -24940.279 | I17: =+H17*F17 -> -12572.634 | J17: =+I17+J16 -> -106457.41
A18: =+A17+1 -> 12 | B18: July | C18: 31 | D18: =D17-C18 -> 153 | E18: =$E$12 -> 365 | F18: =IF(E18=0,0,D18/E18) -> 0.41917808 | H18: =-H158*'Proj Att-H'!D239 -> -24940.279 | I18: =+H18*F18 -> -10454.418 | J18: =+I18+J17 -> -116911.83
A19: =+A18+1 -> 13 | B19: August | C19: 31 | D19: =D18-C19 -> 122 | E19: =$E$12 -> 365 | F19: =IF(E19=0,0,D19/E19) -> 0.33424658 | H19: =-H159*'Proj Att-H'!D239 -> -24940.279 | I19: =+H19*F19 -> -8336.203 | J19: =+I19+J18 -> -125248.03
A20: =+A19+1 -> 14 | B20: September | C20: 30 | D20: =D19-C20 -> 92 | E20: =$E$12 -> 365 | F20: =IF(E20=0,0,D20/E20) -> 0.25205479 | H20: =-H160*'Proj Att-H'!D239 -> -24940.279 | I20: =+H20*F20 -> -6286.317 | J20: =+I20+J19 -> -131534.35
A21: =+A20+1 -> 15 | B21: October | C21: 31 | D21: =D20-C21 -> 61 | E21: =$E$12 -> 365 | F21: =IF(E21=0,0,D21/E21) -> 0.16712329 | H21: =-H161*'Proj Att-H'!D239 -> -24940.279 | I21: =+H21*F21 -> -4168.1015 | J21: =+I21+J20 -> -135702.45
A22: =+A21+1 -> 16 | B22: November | C22: 30 | D22: =D21-C22 -> 31 | E22: =$E$12 -> 365 | F22: =IF(E22=0,0,D22/E22) -> 0.084931507 | H22: =-H162*'Proj Att-H'!D239 -> -24940.279 | I22: =+H22*F22 -> -2118.2155 | J22: =+I22+J21 -> -137820.67
A23: =+A22+1 -> 17 | B23: December | C23: 31 | D23: 1 | E23: =$E$12 -> 365 | F23: =IF(E23=0,0,D23/E23) -> 0.002739726 | H23: =-H163*'Proj Att-H'!D239 -> -24940.279 | I23: =+H23*F23 -> -68.329533 | J23: =+I23+J22 -> -137889
A24: =+A23+1 -> 18 | C24: Total | H24: =SUM(H12:H23) -> -299283.35 | I24: =SUM(I12:I23) -> -137889
A26: =+A24+1 -> 19 | B26: Total Account 190 Beginning Balance | F26: Worksheet A3, Ln 5 Col (d) | J26: ='A3-ADIT'!E15 -> 75736193
A27: =+A26+1 -> 20 | B27: Amount of Tax Gross Up Offset on EDIT | F27: (Line 128 * - Actual Composite tax rate) | J27: =J166*-(('Proj Att-H'!D239*'Proj Att-H'!D240)+'Proj Att-H'!D240) -> 2171223.7
A28: =+A27+1 -> 21 | B28: Account 190 Not Including EDIT Tax Gross Up | F28: (Line 19 - Line 20) | J28: =J26-J27 -> 73564969
A29: =+A28+1 -> 22 | B29: Beginning Balance of Account 190 for EDIT Tax Gross Up Offset | F29: (Line 20) | J29: =J27 -> 2171223.7
A30: =+A29+1 -> 23 | B30: Activity for Year prior to Rate Year | F30: Company Records | J30: 0
A31: =+A30+1 -> 24 | B31: Ending Balance of Account 190 for EDIT Tax Gross Up Offset | F31: Line 22 + Line 23 | J31: =J29+J30 -> 2171223.7
A32: 25 | B32: Ending Balance of Prorated items | F32: (Line 17, Col H) | J32: =J23 -> -137889
A33: 26 | B33: Amount for Attachment H before Allocation | F33: Line 24 + Line 25 | J33: =J31+J32 -> 2033334.7
A34: 27 | B34: Weighted Average EDIT/DDIT Net Plant Allocation Factor | F34: Worksheet A3.1, Ln 359 Col (j) | J34: ='A3.1-EDIT-DDIT'!O43 -> 0.22680815
A35: 28 | B35: Amount for Attachment H | F35: Line 26 * Line 27 | J35: =J33*J34 -> 461176.89
A39: =A1 -> Worksheet P5
A40: =A2 -> Accumulated Deferred Income Taxes
A41: =A3 -> Black Hills Colorado Electric, LLC
J42: Page 2 of 5
A44: =A35+1 -> 29 | B44: Account 281
A45: =+A44+1 -> 30 | B45: Days in Period | H45: Averaging with Proration - Projected
B46: A | C46: B | D46: C | E46: D | F46: E | H46: F | I46: G | J46: H
A47: =+A45+1 -> 31 | B47: Month | C47: Days in the Month | D47: Number of Days Prorated | E47: Total Days in Future Portion of Test Period | F47: Proration Amount (C / D) | H47: Projected Monthly Activity | I47: Prorated Projected Monthly Activity (E x F) | J47: Prorated Projected Balance (Cumulative Sum of G)
A48: =+A47+1 -> 32
A49: =+A48+1 -> 33 | B49: December 31st balance Prorated Items | J49: 0
A50: =+A49+1 -> 34 | B50: January | C50: 31 | D50: =E50-C50 -> 334 | E50: =$E$12 -> 365 | F50: =IF(E50=0,0,D50/E50) -> 0.91506849 | I50: =+H50*F50 -> 0 | J50: =+I50+J49 -> 0
A51: =+A50+1 -> 35 | B51: February | C51: =C13 -> 28 | D51: =D50-C51 -> 306 | E51: =$E$12 -> 365 | F51: =IF(E51=0,0,D51/E51) -> 0.83835616 | I51: =+H51*F51 -> 0 | J51: =+I51+J50 -> 0
A52: =+A51+1 -> 36 | B52: March | C52: 31 | D52: =D51-C52 -> 275 | E52: =$E$12 -> 365 | F52: =IF(E52=0,0,D52/E52) -> 0.75342466 | I52: =+H52*F52 -> 0 | J52: =+I52+J51 -> 0
A53: =+A52+1 -> 37 | B53: April | C53: 30 | D53: =D52-C53 -> 245 | E53: =$E$12 -> 365 | F53: =IF(E53=0,0,D53/E53) -> 0.67123288 | I53: =+H53*F53 -> 0 | J53: =+I53+J52 -> 0
A54: =+A53+1 -> 38 | B54: May | C54: 31 | D54: =D53-C54 -> 214 | E54: =$E$12 -> 365 | F54: =IF(E54=0,0,D54/E54) -> 0.58630137 | I54: =+H54*F54 -> 0 | J54: =+I54+J53 -> 0
A55: =+A54+1 -> 39 | B55: June | C55: 30 | D55: =D54-C55 -> 184 | E55: =$E$12 -> 365 | F55: =IF(E55=0,0,D55/E55) -> 0.50410959 | I55: =+H55*F55 -> 0 | J55: =+I55+J54 -> 0
A56: =+A55+1 -> 40 | B56: July | C56: 31 | D56: =D55-C56 -> 153 | E56: =$E$12 -> 365 | F56: =IF(E56=0,0,D56/E56) -> 0.41917808 | I56: =+H56*F56 -> 0 | J56: =+I56+J55 -> 0
A57: =+A56+1 -> 41 | B57: August | C57: 31 | D57: =D56-C57 -> 122 | E57: =$E$12 -> 365 | F57: =IF(E57=0,0,D57/E57) -> 0.33424658 | I57: =+H57*F57 -> 0 | J57: =+I57+J56 -> 0
A58: =+A57+1 -> 42 | B58: September | C58: 30 | D58: =D57-C58 -> 92 | E58: =$E$12 -> 365 | F58: =IF(E58=0,0,D58/E58) -> 0.25205479 | I58: =+H58*F58 -> 0 | J58: =+I58+J57 -> 0
A59: =+A58+1 -> 43 | B59: October | C59: 31 | D59: =D58-C59 -> 61 | E59: =$E$12 -> 365 | F59: =IF(E59=0,0,D59/E59) -> 0.16712329 | I59: =+H59*F59 -> 0 | J59: =+I59+J58 -> 0
A60: =+A59+1 -> 44 | B60: November | C60: 30 | D60: =D59-C60 -> 31 | E60: =$E$12 -> 365 | F60: =IF(E60=0,0,D60/E60) -> 0.084931507 | I60: =+H60*F60 -> 0 | J60: =+I60+J59 -> 0
A61: =+A60+1 -> 45 | B61: December | C61: 31 | D61: 1 | E61: =$E$12 -> 365 | F61: =IF(E61=0,0,D61/E61) -> 0.002739726 | I61: =+H61*F61 -> 0 | J61: =+I61+J60 -> 0
A62: =+A61+1 -> 46 | C62: Total | H62: =SUM(H50:H61) -> 0 | I62: =SUM(I50:I61) -> 0
A64: =+A62+1 -> 47 | B64: Beginning Balance (Enter Negative) | F64: 272.b | J64: 0
A65: =+A64+1 -> 48 | B65: Less non Prorated Items | F65: ="(Line "&A64&" less line "&A66&")" -> (Line 47 less line 49) | J65: =+J64-J66 -> 0
A66: =+A65+1 -> 49 | B66: Beginning Balance of Prorated items | F66: ="(Line "&A49&", Col H)" -> (Line 33, Col H) | J66: =+J49 -> 0
A67: =+A66+1 -> 50 | B67: Ending Balance | F67: 273.k | J67: 0
A68: =+A67+1 -> 51 | B68: =+B65 -> Less non Prorated Items | F68: ="(Line "&A67&" less line "&A69&")" -> (Line 50 less line 52) | J68: =+J67-J69 -> 0
A69: =+A68+1 -> 52 | B69: Ending Balance of Prorated items | F69: ="(Line "&A61&", Col H)" -> (Line 45, Col H) | J69: =+J61 -> 0
A70: =+A69+1 -> 53 | B70: Average Balance | F70: ="([Lines "&A66&" + "&A69&"] /2)+([Lines "&A65&" +"&A68&")/2])" -> ([Lines 49 + 52] /2)+([Lines 48 +51)/2]) | J70: =(J66+J69)/2+(J65+J68)/2 -> 0
A71: =+A70+1 -> 54 | B71: Reserved | J71: 0
A72: =+A71+1 -> 55 | B72: Amount for Attachment H | F72: (Line 53) | J72: =+J70 -> 0
A73: =A1 -> Worksheet P5
A74: =A2 -> Accumulated Deferred Income Taxes
A75: =A3 -> Black Hills Colorado Electric, LLC
J76: Page 3 of 5
A78: =+A72+1 -> 56 | B78: Account 282
A79: =+A78+1 -> 57 | B79: Days in Period | H79: Averaging with Proration - Projected
B80: A | C80: B | D80: C | E80: D | F80: E | H80: F | I80: G | J80: H
A81: =+A79+1 -> 58 | B81: Month | C81: Days in the Month | D81: Number of Days Prorated | E81: Total Days in Future Portion of Test Period | F81: Proration Amount (C / D) | H81: Projected Monthly Activity | I81: Prorated Projected Monthly Activity (E x F) | J81: Prorated Projected Balance (Cumulative Sum of G)
A82: =+A81+1 -> 59 | H82: P1-Trans Plant, Pg 4 Col (y)
A83: =+A82+1 -> 60 | B83: Beginning Balance of Prorated items | J83: 0
A84: =+A83+1 -> 61 | B84: January | C84: 31 | D84: =E84-C84 -> 334 | E84: =$E$12 -> 365 | F84: =IF(E84=0,0,D84/E84) -> 0.91506849 | H84: ='P1-Trans Plant'!AA30 -> -76677.712 | I84: =+H84*F84 -> -70165.359 | J84: =+I84+J83 -> -70165.359
A85: =+A84+1 -> 62 | B85: February | C85: =C13 -> 28 | D85: =D84-C85 -> 306 | E85: =$E$12 -> 365 | F85: =IF(E85=0,0,D85/E85) -> 0.83835616 | H85: ='P1-Trans Plant'!AA31 -> -62280.738 | I85: =+H85*F85 -> -52213.44 | J85: =+I85+J84 -> -122378.8
A86: =+A85+1 -> 63 | B86: March | C86: 31 | D86: =D85-C86 -> 275 | E86: =$E$12 -> 365 | F86: =IF(E86=0,0,D86/E86) -> 0.75342466 | H86: ='P1-Trans Plant'!AA32 -> -62122.123 | I86: =+H86*F86 -> -46804.339 | J86: =+I86+J85 -> -169183.14
A87: =+A86+1 -> 64 | B87: April | C87: 30 | D87: =D86-C87 -> 245 | E87: =$E$12 -> 365 | F87: =IF(E87=0,0,D87/E87) -> 0.67123288 | H87: ='P1-Trans Plant'!AA33 -> -61945.804 | I87: =+H87*F87 -> -41580.06 | J87: =+I87+J86 -> -210763.2
A88: =+A87+1 -> 65 | B88: May | C88: 31 | D88: =D87-C88 -> 214 | E88: =$E$12 -> 365 | F88: =IF(E88=0,0,D88/E88) -> 0.58630137 | H88: ='P1-Trans Plant'!AA34 -> -61909.076 | I88: =+H88*F88 -> -36297.376 | J88: =+I88+J87 -> -247060.58
A89: =+A88+1 -> 66 | B89: June | C89: 30 | D89: =D88-C89 -> 184 | E89: =$E$12 -> 365 | F89: =IF(E89=0,0,D89/E89) -> 0.50410959 | H89: ='P1-Trans Plant'!AA35 -> -61871.177 | I89: =+H89*F89 -> -31189.854 | J89: =+I89+J88 -> -278250.43
A90: =+A89+1 -> 67 | B90: July | C90: 31 | D90: =D89-C90 -> 153 | E90: =$E$12 -> 365 | F90: =IF(E90=0,0,D90/E90) -> 0.41917808 | H90: ='P1-Trans Plant'!AA36 -> -61833.25 | I90: =+H90*F90 -> -25919.143 | J90: =+I90+J89 -> -304169.57
A91: =+A90+1 -> 68 | B91: August | C91: 31 | D91: =D90-C91 -> 122 | E91: =$E$12 -> 365 | F91: =IF(E91=0,0,D91/E91) -> 0.33424658 | H91: ='P1-Trans Plant'!AA37 -> -60687.482 | I91: =+H91*F91 -> -20284.583 | J91: =+I91+J90 -> -324454.15
A92: =+A91+1 -> 69 | B92: September | C92: 30 | D92: =D91-C92 -> 92 | E92: =$E$12 -> 365 | F92: =IF(E92=0,0,D92/E92) -> 0.25205479 | H92: ='P1-Trans Plant'!AA38 -> -60650.335 | I92: =+H92*F92 -> -15287.208 | J92: =+I92+J91 -> -339741.36
A93: =+A92+1 -> 70 | B93: October | C93: 31 | D93: =D92-C93 -> 61 | E93: =$E$12 -> 365 | F93: =IF(E93=0,0,D93/E93) -> 0.16712329 | H93: ='P1-Trans Plant'!AA39 -> -60567.868 | I93: =+H93*F93 -> -10122.301 | J93: =+I93+J92 -> -349863.66
A94: =+A93+1 -> 71 | B94: November | C94: 30 | D94: =D93-C94 -> 31 | E94: =$E$12 -> 365 | F94: =IF(E94=0,0,D94/E94) -> 0.084931507 | H94: ='P1-Trans Plant'!AA40 -> -60530.914 | I94: =+H94*F94 -> -5140.9817 | J94: =+I94+J93 -> -355004.65
A95: =+A94+1 -> 72 | B95: December | C95: 31 | D95: 1 | E95: =$E$12 -> 365 | F95: =IF(E95=0,0,D95/E95) -> 0.002739726 | H95: ='P1-Trans Plant'!AA41 -> -60505.677 | I95: =+H95*F95 -> -165.76898 | J95: =+I95+J94 -> -355170.41
A96: =+A95+1 -> 73 | C96: Total | H96: =SUM(H84:H95) -> -751582.16 | I96: =SUM(I84:I95) -> -355170.41
A98: =+A96+1 -> 74 | B98: December 31st balance Prorated Items From Latest FF1 | F98: Worksheet A3, Column d, Line 3 | J98: ='A3-ADIT'!E13 -> -137999967
A99: =A98+1 -> 75 | B99: Allocation Factor "GP" | F99: Projected Attachment H, Page 5, Line 6 | J99: ='Proj Att-H'!G222 -> 0.27972226
A100: =+A99+1 -> 76 | B100: Allocated December 31st Balance Transmission Items | F100: (Line 74 * Line 75) | J100: =J98*J99 -> -38601663
A101: =+A100+1 -> 77 | B101: Activity for Year prior to Rate Year | F101: Worksheet P1, Page 3, Column t, Line 27a | J101: ='P1-Trans Plant'!V42 -> -24067.28
A102: =+A101+1 -> 78 | B102: Beginning Balance | F102: (Line 76 + Line 77) | J102: =J100+J101 -> -38625731
A103: =+A102+1 -> 79 | B103: Ending Balance of Prorated items | F103: ="(Line "&A95&", Col H)" -> (Line 72, Col H) | J103: =+J95 -> -355170.41
A104: =+A103+1 -> 80 | B104: Prorated Balance of Rate Year | F104: (Line 78 + Line 79) | J104: =J102+J103 -> -38980901
A105: =+A104+1 -> 81 | B105: Reserved | J105: 0
A106: =+A105+1 -> 82 | B106: Amount for Attachment H | F106: (Line 80) | J106: =+J104 -> -38980901
A107: =A1 -> Worksheet P5
A108: =A2 -> Accumulated Deferred Income Taxes
...

Sheet Schedule 1
A1: Schedule 1
A2: Ancillary Services, Schedule No. 1 - Scheduling System Control and Dispatch Service
A3: ='Act Att-H'!C7 -> Black Hills Colorado Electric, LLC
D4: Page 1
A6: Line No. | B6: Description | C6: Reference | D6: Amount
A8: 1 | B8: Revenue Requirement
A9: =A8+1 -> 2 | B9: Total Load Dispatch and Scheduling (Account 561) | C9: 321.85-92.b | D9: =739493+85216+875765+45744+217657 -> 1963875
A10: =A9+1 -> 3 | B10: Less: Scheduling, System Control & Dispatch Services (Account 561.4) | C10: 321.88.b | D10: 0
A11: =A10+1 -> 4 | B11: Less: Reliability, Planning and Standards Development (Account 561.5) | C11: 321.89.b | D11: 875765
A12: =A11+1 -> 5 | B12: Less: Transmission Service Studies (Account 561.6) | C12: 321.90.b | D12: 0
A13: =A12+1 -> 6 | B13: Less: Generation Interconnection Studies (Account 561.7) | C13: 321.91.b | D13: 45744
A14: =A13+1 -> 7 | B14: Less: Reliability, Planning & Standards Development Services (Account 561.8) | C14: 321.92.b | D14: 217657
A15: =A14+1 -> 8 | B15: Total 561 Costs for Schedule 1 Annual Rev Req | C15: Line 2 less Lines 3 through 7 | D15: =D9-D10-D11-D12-D13-D14 -> 824709
A16: =A15+1 -> 9
A17: =A16+1 -> 10 | B17: Less: Schedule 1 Point to Point Revenues | C17: 398.1.g | D17: 200316.63
A18: =A17+1 -> 11
A19: =A18+1 -> 12 | B19: Actual Schedule 1 Annual Rev Req (before True Up) | C19: Line 8 less Line 10 | D19: =D15-D17 -> 624392.37
A20: =A19+1 -> 13
A21: =A20+1 -> 14
A22: =A21+1 -> 15 | B22: Divisor
A23: =A22+1 -> 16 | B23: Divisor (kW) | C23: (Worksheet P3, Line 15) | D23: ='P3-Divisor'!G24 -> 409525.06
A24: =A23+1 -> 17
A25: =A24+1 -> 18 | B25: Rates
A26: =A25+1 -> 19 | B26: Annual | D26: =ROUND(D19/D23,2) -> 1.52 | E26: /kW-year
A27: =A26+1 -> 20 | B27: Monthly | C27: 12 months/year | D27: =ROUND(D26/12,2) -> 0.13 | E27: /kW-month
A28: =A27+1 -> 21 | B28: Weekly | C28: 52 weeks/year | D28: =ROUND(D26/52,2) -> 0.03 | E28: /kW-week
A29: =A28+1 -> 22 | B29: Daily On-Peak | C29: 6 days/week | D29: =+D28/6 -> 0.005 | E29: /kW-day
A30: =A29+1 -> 23 | B30: Daily Off-Peak | C30: 7 days/week | D30: =+D28/7 -> 0.0042857143 | E30: /kW-day
A31: =A30+1 -> 24 | B31: Hourly On-Peak | C31: 16 hours/day | D31: =+D29/16*1000 -> 0.3125 | E31: /MW-hour
A32: =A31+1 -> 25 | B32: Hourly Off-Peak | C32: 24 hours/day | D32: =+D30/24*1000 -> 0.17857143 | E32: /MW-hour
